 Dungeon Crawl Stone Soup version 0.30-a0-165-g1891117ce2 (webtiles) character file.

Game seed: 5959107009394394841

635224 qw the Slayer (level 27, -1/197 HPs)
             Began as a Gargoyle Fighter on Sept 28, 2022.
             Was a High Priest of the Shining One.
             Killed by divine providence
             ... invoked by a royal mummy
              (17 damage)
             ... on level 3 of the Tomb of the Ancients.
             The game lasted 00:33:00 (58513 turns).

qw the Slayer (Gargoyle Fighter)                   Turns: 58513, Time: 00:33:00

Health: -1/197     AC: 70    Str: 31      XL:     27
Magic:  18/39      EV: 13    Int:  9 (12) God:    the Shining One [*****.]
Gold:   3208       SH: 23    Dex: 17      Spells: 26/26 levels left

rFire   + + +      SeeInvis .    C - +9 broad axe (holy)
rCold   + + .      Faith    .    a - +7 kite shield of the Original Sin {Will+ Regen+}
rNeg    + + +      Spirit   .    B - +13 plate armour of the Elephant {*Corrode rElec rPois rC+}
rPois   inf        Reflect  .    N - +2 hat of Plog {rElec rC+ Slay+3}
rElec   +          Harm     .    M - +4 dragonskin cloak
rCorr   +          Rampage  .    I - +3 pair of gauntlets of War {Slay+5}
Will    +++..                    p - +2 pair of boots
Stlth   ..........               L - amulet "Cuahuolae" {Acrobat Drain rPois Dex+6}
HPRegen 1.22/turn                y - ring "Xudi" {*Slow Fly rF+++ rCorr}
MPRegen 0.26/turn                A - +4 ring of slaying {mikee}

@: about to teleport, flying, slowed, glowing, very slow
A: sickness immunity, AC +20, big wings, negative energy resistance 1,
electricity resistance, torment resistance 1, petrification resistance, thin
skeletal structure 1, mutation resistance 1
}: 3/15 runes: barnacled, silver, gossamer
a: Renounce Religion, Divine Shield, Cleansing Flame, Summon Divine Warrior


You were on level 3 of the Tomb of the Ancients.
You worshipped the Shining One.
The Shining One was extremely pleased with you.
You visited 11 branches of the dungeon, and saw 50 of its levels.
You also visited: Ossuary, Gauntlet and Wizlab.

You collected 8181 gold pieces.
You spent 4973 gold pieces at shops.


Innate Abilities, Weirdness & Mutations

You are immune to sickness and miasma.
Your stone body is resilient. (AC +20)
You are immune to poison.
Your large and strong wings let you fly.
You resist negative energy. (rN+)
You are resistant to electric shocks. (rElec)
You are resistant to unholy torment.
You are immune to petrification.
You have a somewhat thin skeletal structure. (Dex +2, Stealth+)
You are somewhat resistant to further mutation.


   Skills:
 - Level 26.6 Fighting
 - Level 18.0 Axes
 - Level 15.0 Throwing
 - Level 22.1 Armour
 - Level 9.0 Dodging
 - Level 20.0 Shields
 + Level 24.6 Invocations


You had 26 spell levels left.
You didn't know any spells.
Your spell library was empty.

Inventory:

Hand Weapons
 C - a +9 broad axe of holy wrath (weapon)
Missiles
 m - 60 boomerangs
 s - 8 boomerangs of dispersal
 w - 5 silver boomerangs
 F - 12 javelins (quivered)
Armour
 a - the +7 kite shield of the Original Sin (worn) {Will+ Regen+}
   (You acquired it on level 4 of the Dungeon)

   Regen:     It increases your rate of health regeneration.
   Will:      It increases your willpower.
 n - the +2 pair of boots "Tuleivop" {+Inv rPois rCorr Dex-4}
   (You found it in a Gauntlet)

   Dex:       It affects your dexterity (-4).
   rPois:     It protects you from poison.
   +Inv:      It lets you turn invisible.
   rCorr:     It protects you from acid and corrosion.
 o - the +10 plate armour of Joicw {Str+2 SInv}
   (Okawaru gifted it to you on level 5 of the Lair of Beasts)

   Str:       It affects your strength (+2).
   SInv:      It lets you see invisible.
 p - a +2 pair of boots (worn)
 B - the +13 plate armour of the Elephant (worn) {*Corrode rElec rPois rC+}
   (You bought it in a shop on level 2 of the Orcish Mines)

   rC:        It protects you from cold.
   rElec:     It insulates you from electricity.
   rPois:     It protects you from poison.
   *Corrode:  It may corrode you when you take damage.
 I - the +3 pair of gauntlets of War (worn) {Slay+5}
   (Okawaru gifted it to you on level 2 of the Vaults)

   Slay:      It affects your accuracy & damage with ranged weapons and melee
   (+5).
 J - the +0 scale mail of Resilience {rCorr}
   (You found it on level 5 of the Vaults)

   rCorr:     It protects you from acid and corrosion.
 M - the +4 dragonskin cloak (worn)
   (You took it off Tiamat on level 3 of the Realm of Zot)

   It grants the wearer a chance to resist fire, cold, poison, electricity,
   acid, and negative energy.
 N - the +2 hat of Plog (worn) {rElec rC+ Slay+3}
   (You found it on level 4 of the Vaults)

   Slay:      It affects your accuracy & damage with ranged weapons and melee
   (+3).
   rC:        It protects you from cold.
   rElec:     It insulates you from electricity.
 O - a +2 tower shield
Jewellery
 l - an amulet of regeneration
 u - a ring of protection from cold
 v - the ring of Miehig {rPois rCorr Str+4 Int-2 SInv}
   (You found it on level 4 of the Shoals)

   [ring of see invisible]

   Str:       It affects your strength (+4).
   Int:       It affects your intelligence (-2).
   rPois:     It protects you from poison.
   SInv:      It lets you see invisible.
   rCorr:     It protects you from acid and corrosion.
 x - a +4 ring of protection
 y - the ring "Xudi" (left hand) {*Slow Fly rF+++ rCorr}
   (You found it on level 7 of the Dungeon)

   [ring of resist corrosion]

   rF:        It renders you almost immune to fire.
   Fly:       It grants you flight.
   rCorr:     It protects you from acid and corrosion.
   *Slow:     It may slow you when you take damage.
 z - the ring "Roraahia" {+Blink rC+ Int+2 SInv}
   (You bought it in a shop on level 1 of the Depths)

   [ring of protection from cold]

   Int:       It affects your intelligence (+2).
   rC:        It protects you from cold.
   SInv:      It lets you see invisible.
   +Blink:    It lets you blink.
 A - a +4 ring of slaying (right hand) {mikee}
 H - a ring of protection from fire
 L - the amulet "Cuahuolae" (around neck) {Acrobat Drain rPois Dex+6}
   (You found it on level 3 of the Crypt)

   [amulet of the acrobat]

   It increases your evasion while moving and waiting.
   Dex:       It affects your dexterity (+6).
   rPois:     It protects you from poison.
   Drain:     It drains your maximum health when unequipped.
 P - the ring of Archol {Ice Fly Will+ Int-4 SInv}
   (You took it off Josephina on level 1 of the Realm of Zot)

   [ring of ice]

   It enhances your ice magic.
   Int:       It affects your intelligence (-4).
   rF:        It makes you vulnerable to fire.
   rC:        It protects you from cold.
   SInv:      It lets you see invisible.
   Fly:       It grants you flight.
   Will:      It increases your willpower.
 R - the ring "Cedgh" {rF- rC+ rN+ rCorr Dex+3}
   (You found it on level 3 of the Crypt)

   [ring of positive energy]

   Dex:       It affects your dexterity (+3).
   rF:        It makes you vulnerable to fire.
   rC:        It protects you from cold.
   rN:        It protects you from negative energy.
   rCorr:     It protects you from acid and corrosion.
 Y - the ring "Sohammal" {rF+ rN+ Str+2 Int+4}
   (You found it on level 2 of the Crypt)

   [ring of protection from fire]

   Str:       It affects your strength (+2).
   Int:       It affects your intelligence (+4).
   rF:        It protects you from fire.
   rN:        It protects you from negative energy.
Wands
 K - a wand of digging (11)
Scrolls
 c - 2 scrolls of enchant armour
 i - 7 scrolls of teleportation
 q - 10 scrolls of identify
 D - 2 scrolls of enchant weapon
Potions
 b - 8 potions of mutation
 d - 13 potions of might
 f - 6 potions of cancellation
 g - 2 potions of resistance
 h - 5 potions of attraction
 j - 9 potions of haste
 k - 36 potions of curing
 t - 5 potions of magic
 G - 4 potions of lignification

Dungeon Overview and Level Annotations

Branches:
Dungeon (15/15)            Temple (1/1) D:4            Lair (5/5) D:8
 Shoals (4/4) Lair:3       Spider (4/4) Lair:3        Slime (0/5) Lair:4
    Orc (2/2) D:11            Elf (0/3) Orc:2        Vaults (5/5) D:14
  Crypt (3/3) Vaults:2       Tomb (3/3) Crypt:3      Depths (4/4) D:15
    Zot (4/5) Depths:4    Ossuary (visited)          WizLab (visited)
Gauntlet (visited)

Altars:
Ashenzari
Cheibriados
Dithmenos
Elyvilon
Fedhas
Gozag
Hepliaklqana
Kikubaaqudgha
Makhleb
Nemelex Xobeh
Okawaru
Qazlal
Ru
Sif Muna
Trog
Uskayaw
Vehumet
Wu Jian
Xom
Yredelemnul
Zin
The Shining One
Lugonu

Shops:
D:7 =   D:14 !   D:15 :   Orc:2 :[[:(   Shoals:1 (   Shoals:2 *   Depths:1 =:=

Portals:
Hell: Depths:1 Depths:2 Depths:3 Depths:4
Abyss: Depths:2 Depths:3
Pandemonium: Depths:2
Ziggurat: Depths:1

Annotations:
D:9 3 runed translucent doors
D:13 1 runed translucent door, qw's ghost, journeyman GrFi
Lair:3 2 transporters, qw's ghost, journeyman GrFi
Spider:4 2 transporters, Rod Caur's ghost, adept HOFi
Depths:1 1 runed translucent door, Gucom's ghost, veteran GnFi
Zot:1 4 transporters, 1 runed translucent door, qw's ghost, veteran GrFi
Zot:2 36 runed doors


Message History

You slice the emperor scorpion!!
The emperor scorpion is almost dead.
You slice the emperor scorpion!!
The emperor scorpion closely misses you.
The emperor scorpion barely misses you.
The emperor scorpion claws you but does no damage.
You block the emperor scorpion's attack. x2
The emperor scorpion closely misses you.
You slice the emperor scorpion!!
You kill the emperor scorpion!
The emperor scorpion's corpse disappears in a puff of smoke!
You hit the emperor scorpion but do no damage. x2
Your surroundings suddenly seem different.
The death scarab's many legs skitter faintly.
The royal mummy casts a spell.
You hear a faint skittering sound.
58511 ||| READING 8 scrolls of teleportation.
As you read the scroll of teleportation, it crumbles to dust.
You feel strangely unstable.
The death scarab's many legs skitter faintly.
You block the death scarab's attack.
The royal mummy points at you and mumbles some strange words.
Something smites you!
You hear a faint skittering sound.
You slash the death scarab!
The death scarab convulses.
The death scarab is moderately damaged.
The death scarab bites you! The death scarab drains your vigour!
You feel yourself slow down. The death scarab closely misses you.
The mummy priest calls on the powers of darkness!
The emperor scorpion convulses! x2; Your body is wracked with pain!
You block the death scarab's attack.
You slice the death scarab!!
You destroy the death scarab!
The death scarab's corpse disappears in a puff of smoke!
You slice the death scarab!!
The death scarab convulses!!
You destroy the death scarab!
The death scarab's corpse disappears in a puff of smoke!
The royal mummy gestures at you while chanting.
Something smites you!
You die...

..WMMZ...MM....(^...........¤...#
MMM.............^....M....s¤...#
..............M..Bs....#
..........9.....M.$..###
^..........M9M.....###
..........9s..###+##
...........s.##....###
.......¤.¤..##^^.....###
........@..##......^^..#
.^.......^##<.^........##
......M##........##.)........$$$#
........##......##...:......$$$:#
$$......##......##....))..$$:$$:#
$$$.M....#......#.........}$$$)[#
$[$$.....#(^....#...%)...$$))|):#
$$$$$9M.('......'.......}=))})}##
$$$$.....#¤¤¤W..#.%..%.:$}===}##


You could see a royal mummy, 2 emperor scorpions, a mummy priest, a guardian
mummy, 3 ushabtiu and a mummy.

Vanquished Creatures
  3 dread liches
  Tiamat (Zot:3)
  An ancient lich (Zot:3)
  Khufu (Crypt:1)
  4 orbs of fire
  Mara (Depths:1)
  2 juggernauts
  15 royal mummies
  Josephina (Zot:1)
  Sojobo (Depths:4)
  Margery (Crypt:1)
  5 Killer Klowns (Zot:3)
  A curse toe (Zot:4)
  Nikola (Vaults:2)
  6 golden dragons
  A profane servitor (Crypt:2)
  2 bone dragons
  Arachne (Spider:2)
  A Tzitzimitl (Tomb:3)
  An electric golem (Zot:3)
  15 tentacled monstrosities
  2 walking crystal tomes (Depths:3)
  A walking earthen tome (Depths:3)
  16 titans
  10 liches
  5 deep elf master archers
  6 deep elf blademasters
  A walking frostbound tome (Depths:3)
  An eldritch tentacle (Zot:4)
  A kraken (Shoals:1)
  11 death cobs
  Polyphemus (Shoals:4)
  5 quicksilver dragons
  13 ancient champions
  9 sphinxes
  Agnes (D:14)
  14 shadow dragons
  10 storm dragons
  4 draconian monks
  A revenant (Crypt:1)
  10 tengu reavers
  18 fire giants
  Ilsuiw (Shoals:4)
  11 draconian knights
  2 deep elf sorcerers (Vaults:5)
  5 draconian scorchers
  Louise (Spider:2)
  8 draconian shifters
  18 frost giants
  4 iron dragons
  2 emperor scorpions (Spider:4)
  Aizul (Spider:2)
  A caustic shrike zombie (Crypt:3)
  13 vault wardens
  3 ghost moths
  4 draconian stormcallers
  4 draconian annihilators
  26 ironbound preservers
  19 very ugly things
  An orc warlord (Vaults:3)
  7 broodmothers
  A spriggan defender (Depths:3)
  5 reapers
  5 war gargoyles
  24 stone giants
  5 ironbound thunderhulks
  17 green draconians
  11 black draconians
  12 bennus
  A minotaur (Gauntlet)
  2 deep elf demonologists (Vaults:5)
  5 vampire knights
  17 purple draconians
  2 spark wasps
  14 red draconians
  7 dire elephants
  11 white draconians
  14 yellow draconians
  3 deep elf annihilators
  An orange crystal statue (WizLab)
  A deep elf death mage (Vaults:5)
  8 eidola
  5 merfolk impalers
  A crystal guardian (Vaults:2)
  27 mummy priests
  12 ettins
  8 jiangshi (Crypt:2)
  11 merfolk javelineers
  4 great orbs of eyes
  7 yaktaur captains
  2 deep elf high priests
  12 fire dragons
  4 entropy weavers
  A fenstrider witch zombie (Tomb:2)
  3 rakshasas
  2 jorogumos
  38 vault guards
  2 peacekeepers
  9 hydras
  2 catoblepae
  7 ironbound frosthearts
  6 alligator snapping turtles
  2 spriggan skeletons (Crypt:3)
  6 merfolk avatars
  2 radroaches (Spider:4)
  3 spriggan air magi
  3 ogre magi
  An anaconda (shapeshifter) (Depths:1)
  5 merfolk aquamancers (Shoals:4)
  16 centaur warriors
  2 death knights
  A satyr (Shoals:2)
  An ice dragon (Spider:3)
  5 deep troll shamans
  4 boulder beetles
  13 death yaks
  62 death scarabs
  12 two-headed ogres
  2 hell hogs (Depths:2)
  2 titan zombies
  A thrashing horror (Gauntlet)
  Urug (Lair:2)
  6 orc high priests
  7 deep troll earth magi
  6 spriggan berserkers
  4 tengu warriors
  6 vampire magi
  A spriggan (Depths:1)
  An emperor scorpion zombie (Crypt:3)
  5 soul eaters
  4 deep elf knights
  Sonja (D:13)
  13 hell knights
  A storm dragon zombie (Depths:2)
  A titan skeleton (Crypt:2)
  3 shadow wraiths (Crypt:2)
  3 sun moths
  5 iron trolls (Depths:4)
  23 skeletal warriors
  A steelbarb worm (shapeshifter) (Vaults:5)
  2 glowing orange brains
  11 pharaoh ants
  13 sea snakes
  An iron giant zombie (Crypt:2)
  16 orb spiders
  A bunyip zombie (Tomb:2)
  10 flayed ghosts
  6 deep elf archers
  A swamp dragon (shapeshifter) (Depths:3)
  An iron giant skeleton (Crypt:1)
  5 steelbarb worms
  56 deep trolls
  13 wizards
  17 lindwurms
  3 shadow dragon zombies
  A fire giant zombie (Depths:1)
  A bunyip skeleton (Crypt:2)
  2 anaconda skeletons
  A tengu zombie (Vaults:3)
  15 orc knights
  14 ironbound convokers
  14 phantasmal warriors
  2 deep elf pyromancers (Crypt:3)
  An iron dragon zombie (Depths:1)
  5 orc sorcerers
  7 deep elf zephyrmancers
  25 harpies
  19 necromancers
  43 ugly things
  A stone giant zombie (Vaults:3)
  22 wolf spiders
  A shining eye (shapeshifter) (Vaults:5)
  6 oklob plants (Lair:4)
  5 fauns (Shoals:2)
  11 manticores
  4 cyclopes
  13 elephants
  3 human skeletons
  22 moths of wrath
  A naga mage (Vaults:4)
  2 guardian serpents (shapeshifter)
  4 black mambas
  9 merfolk sirens
  7 torpor snails
  A frost giant skeleton (Depths:1)
  9 water nymphs
  A rust devil (Gauntlet)
  24 vault sentinels
  Maurice (D:12)
  3 gargoyles
  2 centaur skeletons (Crypt:3)
  13 cane toads
  6 demonic crawlers
  A kobold demonologist (Depths:2)
  3 naga skeletons (Crypt:3)
  3 efreet
  4 komodo dragons
  12 freezing wraiths
  3 golden dragon simulacra (Zot:1)
  5 rime drakes
  11 hellwings (Crypt:3)
  An orb spider zombie (Crypt:1)
  31 yaktaurs
  40 guardian mummies
  4 tengu conjurers
  An iron troll skeleton (Crypt:1)
  A hydra zombie (Tomb:2)
  23 merfolk
  7 meliai
  Grinder (D:5)
  3 hornets
  3 harpy zombies (Crypt:3)
  A polar bear (shapeshifter) (Vaults:4)
  23 blink frogs
  A hydra skeleton (Crypt:2)
  9 trolls
  4 polar bears
  28 slime creatures
  11 wind drakes
  20 tarantellas
  18 dream sheep
  A dream sheep (shapeshifter) (Depths:3)
  An ice dragon zombie (Crypt:3)
  3 harpy skeletons
  An elf zombie (Vaults:3)
  A fire giant simulacrum (Depths:2)
  An iron dragon simulacrum (Depths:1)
  3 spriggan zombies
  33 flying skulls
  An ettin skeleton (Crypt:3)
  27 jumping spiders
  15 snapping turtles
  32 culicivoras
  14 wraiths
  A shadow (D:10)
  53 yaks
  11 ushabtiu
  10 water elementals
  4 wyverns
  A ynoxinul (Gauntlet)
  A black mamba skeleton (Crypt:2)
  Eustachio (D:6)
  3 basilisks
  5 vampire mosquitoes
  41 redbacks
  3 wargs
  A naga zombie (Crypt:3)
  11 water moccasins
  A deep troll zombie (Tomb:1)
  An acid dragon (D:8)
  A merfolk skeleton (Crypt:2)
  A moth of wrath simulacrum (Zot:1)
  A water nymph skeleton (Crypt:1)
  46 orc warriors
  5 black bears
  A sky beast (D:8)
  13 wolves (Lair:5)
  6 ogres
  4 boggarts
  15 centaurs
  3 small abominations (Gauntlet)
  A phantom (D:4)
  3 kobold brigands
  16 bullfrogs
  4 gnoll sergeants
  3 scorpions
  2 necrophages (D:7)
  A wight (D:8)
  10 wyvern skeletons (Crypt:3)
  15 killer bees
  A raiju skeleton (Crypt:2)
  A shapeshifter skeleton (Crypt:1)
  2 electric eels (Lair:3)
  2 centaur zombies
  4 hounds
  4 human zombies
  35 orc priests
  2 iron imps (Gauntlet)
  A jelly (D:5)
  4 iguanas
  22 orc wizards
  47 mummies
  17 gnolls
  5 adders
  A howler monkey skeleton (Crypt:2)
  A shadow imp (D:7)
  3 white imps
  An ufetubus (D:6)
  An iguana skeleton (Crypt:2)
  2 worms (D:2)
  101 orcs
  An endoplasm (D:1)
  4 giant cockroaches
  7 goblins
  11 hobgoblins
  8 jackals
  11 kobolds
  2 quokkas
  6 ball pythons
  9 bats
  A frilled lizard skeleton (Crypt:1)
  A frilled lizard zombie (Crypt:2)
  A gnoll zombie (Ossuary)
  A goblin zombie (Ossuary)
  A hobgoblin zombie (Ossuary)
  A kobold zombie (Crypt:2)
  2 orc zombies (Ossuary)
  A quokka zombie (D:7)
  11 rats
  A rat zombie (D:7)
  A butterfly (Lair:5)
  4 tentacles (Shoals:1)
2423 creatures vanquished.

Vanquished Creatures (collateral kills)
  9 royal mummies
  A deep elf master archer (Crypt:3)
  2 ancient champions (Tomb:3)
  A frost giant (Crypt:3)
  A stone giant (Crypt:3)
  3 mummy priests
  2 deep elf death magi (Crypt:3)
  A fenstrider witch skeleton (Tomb:1)
  8 death scarabs
  A deep elf knight (Crypt:3)
  An iron giant zombie (Tomb:3)
  A phantasmal warrior (Crypt:3)
  2 necromancers (Crypt:3)
  2 hellwings (Crypt:3)
  A freezing wraith (Crypt:3)
  6 guardian mummies
  2 flying skulls
  3 ushabtiu (Tomb:3)
  4 mummies
51 creatures vanquished.

Vanquished Creatures (others)
  A deep elf blademaster (Crypt:3)
  A deep elf master archer (Crypt:2)
  A draconian knight (Zot:1)
  A fire giant (Crypt:3)
  A vault sentinel (Vaults:2)
  An orc wizard (Orc:2)
  A bush (Lair:3)
  18 fungi
  91 plants
  4 withered plants (Crypt:3)
120 creatures vanquished.

Grand Total: 2594 creatures vanquished

Notes
Turn   | Place    | Note
-------+----------+-------------------------------------------
     0 | D:1      | qw the Gargoyle Fighter began the quest for the Orb.
     0 | D:1      | Reached XP level 1. HP: 14/14 MP: 1/1
     0 | D:1      | 0 ||| qw: Version: 0.2-a-12-gaebbb33
     0 | D:1      | 0 ||| qw: Game counter: 849
     0 | D:1      | 0 ||| qw: Always use a shield: true
     0 | D:1      | 0 ||| qw: God list: Okawaru
     0 | D:1      | 0 ||| qw: Allow faded altars: false
     0 | D:1      | 0 ||| qw: Do Orc after D:15 true
     0 | D:1      | 0 ||| qw: Do second Lair branch before Depths: true
     0 | D:1      | 0 ||| qw: Lair rune preference: random
     0 | D:1      | 0 ||| qw: Plans: Normal, Zot:1-4, God:TSO, Crypt, Tomb,
                  | Pan, Slime:5, Hells, Abyss, Orb
     0 | D:1      | 0 ||| PLANNING D:1-11
    28 | D:1      | 28 ||| Stepping ~*~*~tactically~*~*~ (stealth).
    29 | D:1      | 29 ||| Stepping ~*~*~tactically~*~*~ (stealth).
   283 | D:1      | Reached XP level 2. HP: 14/19 MP: 2/2
  1112 | D:2      | 1112 ||| STAIRDANCE
  1117 | D:2      | 1117 ||| STAIRDANCE
  1121 | D:1      | Reached skill level 3 in Axes
  1128 | D:1      | Reached XP level 3. HP: 18/23 MP: 3/3
  1188 | D:2      | 1188 ||| STAIRDANCE
  1233 | D:2      | 1233 ||| Stepping ~*~*~tactically~*~*~ (stealth).
  1280 | D:2      | 1280 ||| Stepping ~*~*~tactically~*~*~ (stealth).
  1287 | D:2      | 1287 ||| Stepping ~*~*~tactically~*~*~ (stealth).
  1289 | D:2      | 1289 ||| Stepping ~*~*~tactically~*~*~ (stealth).
  1341 | D:2      | 1341 ||| Stepping ~*~*~tactically~*~*~ (stealth).
  1343 | D:2      | 1343 ||| Stepping ~*~*~tactically~*~*~ (stealth).
  1441 | D:2      | 1441 ||| Stepping ~*~*~tactically~*~*~ (stealth).
  1514 | D:2      | 1514 ||| Stepping ~*~*~tactically~*~*~ (stealth).
  1702 | D:2      | 1702 ||| Stepping ~*~*~tactically~*~*~ (stealth).
  1708 | D:2      | 1708 ||| Stepping ~*~*~tactically~*~*~ (stealth).
  1811 | D:2      | 1811 ||| DROPPING +0 club.
  1843 | D:2      | Reached XP level 4. HP: 28/28 MP: 4/4
  1855 | D:2      | You fall into a shaft and drop 2 floors!
  1955 | D:4      | 1955 ||| Stepping ~*~*~tactically~*~*~ (stealth).
  1965 | D:4      | 1965 ||| UPGRADING to +0 kite shield.
  1975 | D:4      | 1975 ||| DROPPING +0 buckler.
  1976 | D:4      | 1976 ||| READING scroll labelled BOICHA FUCWET.
  1976 | D:4      | Identified a scroll of acquirement
  1976 | D:4      | 1976 ||| ACQUIRING +7 kite shield of the Original Sin
                  | {Will+ Regen+}
  1976 | D:4      | Acquired the +7 kite shield of the Original Sin {Will+
                  | Regen+}
  1977 | D:4      | 1977 ||| READING scroll labelled OLIQUY DIKAI.
  1978 | D:4      | 1978 ||| DRINKING 3 purple potions.
  1979 | D:4      | 1979 ||| DROPPING 2 potions of degeneration.
  1980 | D:4      | 1980 ||| Stepping randomly (stuck).
  1982 | D:4      | 1982 ||| Stepping randomly (stuck).
  1984 | D:4      | 1984 ||| Stepping randomly (stuck).
  1986 | D:4      | 1986 ||| Stepping randomly (stuck).
  1987 | D:4      | 1987 ||| Stepping randomly (stuck).
  1989 | D:4      | 1989 ||| Stepping randomly (stuck).
  1991 | D:4      | 1991 ||| Stepping randomly (stuck).
  1993 | D:4      | 1993 ||| Stepping randomly (stuck).
  1995 | D:4      | 1995 ||| Stepping randomly (stuck).
  1997 | D:4      | 1997 ||| Stepping randomly (stuck).
  1999 | D:4      | 1999 ||| Stepping randomly (stuck).
  2000 | D:4      | 2000 ||| Stepping randomly (stuck).
  2001 | D:4      | 2001 ||| Stepping randomly (stuck).
  2003 | D:4      | 2003 ||| Stepping randomly (stuck).
  2005 | D:4      | 2005 ||| Stepping randomly (stuck).
  2007 | D:4      | 2007 ||| Stepping randomly (stuck).
  2009 | D:4      | 2009 ||| Stepping randomly (stuck).
  2010 | D:4      | 2010 ||| Stepping randomly (stuck).
  2014 | D:4      | 2014 ||| UPGRADING to +7 kite shield of the Original Sin
                  | {Will+ Regen+}.
  2024 | D:4      | 2024 ||| DROPPING +0 kite shield.
  2025 | D:4      | 2025 ||| Stepping randomly (stuck).
  2192 | D:4      | 2192 ||| READING scroll labelled UNAWAH HUNILONO.
  2225 | D:3      | 2225 ||| DROPPING +0 whip.
  2244 | D:3      | Identified the +8 mace "Votuebex" {vorpal, rC+}
  2281 | D:3      | Reached XP level 5. HP: 32/32 MP: 5/5
  2407 | D:3      | 2407 ||| Stepping ~*~*~tactically~*~*~ (stealth).
  2408 | D:3      | 2408 ||| Stepping ~*~*~tactically~*~*~ (stealth).
  2582 | D:2      | 2582 ||| Stepping ~*~*~tactically~*~*~ (stealth).
  2786 | D:2      | 2786 ||| Stepping ~*~*~tactically~*~*~ (stealth).
  2787 | D:2      | 2787 ||| Stepping ~*~*~tactically~*~*~ (stealth).
  2827 | D:2      | 2827 ||| READING scroll labelled CEIFOTW ASHRURO.
  3278 | D:3      | Found a faded altar of an unknown god.
  3583 | D:3      | 3583 ||| UPGRADING to +0 chain mail.
  3593 | D:3      | 3593 ||| DROPPING +0 scale mail.
  3594 | D:3      | 3594 ||| READING scroll labelled KAATWU BOZUUSI.
  3595 | D:3      | 3595 ||| READING scroll labelled HUATYD VOUJOTE.
  3596 | D:3      | 3596 ||| DRINKING 2 fuming amethyst potions.
  3697 | D:3      | 3697 ||| DROPPING potion of ambrosia.
  3731 | D:4      | 3731 ||| STAIRDANCE
  3813 | D:4      | Noticed a phantom
  3828 | D:4      | Killed a phantom
  3829 | D:4      | Reached XP level 6. HP: 33/37 MP: 6/6
  3850 | D:4      | 3850 ||| Stepping ~*~*~tactically~*~*~ (hiding).
  3851 | D:4      | 3851 ||| Stepping ~*~*~tactically~*~*~ (hiding).
  3854 | D:4      | 3854 ||| Stepping ~*~*~tactically~*~*~ (hiding).
  3929 | D:4      | HP: 2/37 [ogre/+0 giant club (13)]
  3931 | D:4      | Reached skill level 4 in Fighting
  3995 | D:4      | Found a staircase to the Ecumenical Temple.
  3996 | D:4      | 3996 ||| Stepping ~*~*~tactically~*~*~ (stealth).
  4000 | D:4      | 4000 ||| Stepping ~*~*~tactically~*~*~ (stealth).
  4003 | D:4      | 4003 ||| PLANNING TEMPLE
  4013 | Temple   | Entered the Ecumenical Temple
  4140 | Temple   | 4140 ||| PLANNING D:1-11
  4472 | D:4      | 4472 ||| UPGRADING to ring of protection from cold.
  4473 | D:4      | 4473 ||| DRINKING 2 ruby potions.
  4527 | D:5      | Entered Level 5 of the Dungeon
  4575 | D:5      | Noticed Grinder
  4603 | D:5      | Killed Grinder
  4604 | D:5      | Reached skill level 6 in Shields
  4604 | D:5      | Reached XP level 7. HP: 39/43 MP: 7/7
  4802 | D:5      | 4802 ||| DROPPING +2 whip of electrocution.
  4913 | D:5      | 4913 ||| Stepping ~*~*~tactically~*~*~ (stealth).
  4915 | D:5      | 4915 ||| Stepping ~*~*~tactically~*~*~ (stealth).
  4923 | D:5      | Reached skill level 6 in Axes
  4948 | D:5      | 4948 ||| Stepping ~*~*~tactically~*~*~ (hiding).
  4956 | D:5      | Reached skill level 1 in Dodging
  4956 | D:5      | Reached XP level 8. HP: 36/48 MP: 8/8
  5508 | D:5      | 5508 ||| UPGRADING to amulet of regeneration.
  5513 | D:5      | 5513 ||| DROPPING amulet of faith.
  5514 | D:5      | 5514 ||| READING scroll labelled QAMNAC DUHILO.
  5515 | D:5      | 5515 ||| READING scroll labelled ASMACIRORU.
  5516 | D:5      | 5516 ||| READING 2 scrolls labelled MILA SYFEOMP.
  5517 | D:5      | 5517 ||| READING scroll labelled FAAJ HEFENISIMN.
  5518 | D:5      | 5518 ||| DRINKING 2 bubbling orange potions.
  5518 | D:5      | Gained mutation: You are partially covered in large bone
                  | plates. (SH +4) [potion of mutation]
  5519 | D:5      | 5519 ||| DRINKING 2 fizzy red potions.
  5623 | D:5      | 5623 ||| DROPPING scroll of poison.
  5624 | D:5      | 5624 ||| DROPPING potion of berserk rage.
  5699 | D:6      | 5699 ||| Stepping ~*~*~tactically~*~*~ (stealth).
  5765 | D:6      | Noticed Eustachio
  5797 | D:6      | Killed Eustachio
  5806 | D:6      | 5806 ||| Stepping ~*~*~tactically~*~*~ (hiding).
  5906 | D:6      | Reached skill level 5 in Fighting
  6154 | D:6      | 6154 ||| FLEEEEING.
  6155 | D:6      | 6155 ||| FLEEEEING.
  6156 | D:6      | 6156 ||| FLEEEEING.
  6157 | D:6      | 6157 ||| FLEEEEING.
  6158 | D:6      | 6158 ||| FLEEEEING.
  6589 | D:6      | 6589 ||| Stepping ~*~*~tactically~*~*~ (stealth).
  6624 | D:6      | 6624 ||| READING scroll labelled JIGURO GUAGI.
  6625 | D:6      | 6625 ||| READING scroll labelled ABREOXT LITTYPI.
  6626 | D:6      | 6626 ||| READING 2 scrolls of identify.
  6626 | D:6      | 6626 ||| IDENTIFYING emerald potion
  6667 | D:7      | 6667 ||| PLANNING OSSUARY
  6667 | D:7      | 6667 ||| Stepping ~*~*~tactically~*~*~ (hiding).
  6674 | D:7      | Reached XP level 9. HP: 54/54 MP: 9/9
  6762 | D:7      | 6762 ||| Stepping ~*~*~tactically~*~*~ (hiding).
  6763 | D:7      | 6763 ||| Stepping ~*~*~tactically~*~*~ (hiding).
  6793 | D:7      | Reached skill level 6 in Fighting
  6804 | D:7      | 6804 ||| DROPPING +1 flail of holy wrath.
  6805 | D:7      | 6805 ||| DROPPING +8 mace "Votuebex" {vorpal, rC+}.
  7118 | D:7      | 7118 ||| Stepping ~*~*~tactically~*~*~ (hiding).
  7321 | D:7      | Found a sand-covered staircase.
  7322 | D:7      | 7322 ||| DRINKING 2 inky potions.
  7334 | Ossuary  | Entered an ossuary
  7734 | Ossuary  | 7734 ||| READING 2 scrolls of identify.
  7734 | Ossuary  | 7734 ||| IDENTIFYING green potion
  7735 | Ossuary  | 7735 ||| DROPPING potion of magic.
  7750 | D:7      | 7750 ||| PLANNING D:1-11
  7830 | D:7      | Found Hisum's Jewellery Boutique.
  7839 | D:7      | 7839 ||| SHOPLISTING +4 ring of evasion (576 gold, have
                  | 395).
  7839 | D:7      | 7839 ||| SHOPLISTING +6 ring of dexterity (576 gold, have
                  | 395).
  7839 | D:7      | 7839 ||| BUYING ring of positive energy (320 gold).
  7839 | D:7      | Bought a ring of positive energy for 320 gold pieces
  7839 | D:7      | 7839 ||| SHOPLISTING ring of protection from cold (400
                  | gold, have 75).
  7839 | D:7      | 7839 ||| SHOPLISTING ring of willpower (400 gold, have 75).
  7862 | D:7      | Identified the ring "Xudi" {*Slow Fly rF+++ rCorr}
  7918 | D:7      | Reached skill level 9 in Axes
  8270 | D:7      | 8270 ||| UPGRADING to ring of positive energy.
  8271 | D:7      | 8271 ||| UPGRADING to ring "Xudi" {*Slow Fly rF+++ rCorr}.
  8273 | D:7      | 8273 ||| UPGRADING to ring of ice.
  8275 | D:7      | 8275 ||| UPGRADING to ring of protection from cold.
  8277 | D:7      | 8277 ||| READING scroll labelled BAESMU XIRITA.
  8284 | D:7      | 8284 ||| DRINKING 2 yellow potions.
  8285 | D:7      | 8285 ||| DRINKING 2 red potions.
  8286 | D:7      | 8286 ||| READING 2 scrolls of identify.
  8286 | D:7      | 8286 ||| IDENTIFYING murky black potion
  8287 | D:7      | 8287 ||| DROPPING potion of flight.
  8318 | D:8      | 8318 ||| Stepping ~*~*~tactically~*~*~ (stealth).
  8320 | D:8      | 8320 ||| Stepping ~*~*~tactically~*~*~ (stealth).
  8337 | D:8      | HP: 13/56 [acid dragon/splash of acid (12)]
  8338 | D:8      | 8338 ||| READING scroll of teleportation.
  8338 | D:8      | HP: 5/56 [orc warrior/+0 long sword (8)]
  8339 | D:8      | 8339 ||| DRINKING 3 potions of heal wounds.
  8377 | D:8      | 8377 ||| Stepping ~*~*~tactically~*~*~ (stealth).
  8442 | D:8      | 8442 ||| Stepping ~*~*~tactically~*~*~ (stealth).
  8443 | D:8      | 8443 ||| Stepping ~*~*~tactically~*~*~ (stealth).
  8445 | D:8      | 8445 ||| FLEEEEING.
  8447 | D:8      | 8447 ||| Stepping ~*~*~tactically~*~*~ (stealth).
  8454 | D:8      | Reached skill level 7 in Fighting
  8478 | D:8      | Reached XP level 10. HP: 55/63 MP: 10/10
  8499 | D:8      | 8499 ||| Stepping ~*~*~tactically~*~*~ (stealth).
  8520 | D:8      | Found a hide-covered altar of Uskayaw.
  8572 | D:8      | Noticed a two-headed ogre
  8586 | D:8      | Killed a two-headed ogre
  8587 | D:8      | Reached skill level 9 in Shields
  8622 | D:8      | Found an iron altar of Okawaru.
  8623 | D:8      | 8623 ||| PLANNING OKAWARU WORSHIP
  8623 | D:8      | 8623 ||| READING scroll labelled RIOG ECAN WUDE.
  8626 | D:8      | Became a worshipper of Warmaster Okawaru
  8627 | D:8      | 8627 ||| PLANNING D:1-11
  8795 | D:8      | 8795 ||| Stepping ~*~*~tactically~*~*~ (stealth).
  8830 | D:8      | 8830 ||| Stepping ~*~*~tactically~*~*~ (stealth).
  8831 | D:8      | 8831 ||| Stepping ~*~*~tactically~*~*~ (stealth).
  8842 | D:8      | 8842 ||| Stepping ~*~*~tactically~*~*~ (stealth).
  8886 | D:8      | 8886 ||| Stepping ~*~*~tactically~*~*~ (hiding).
  8954 | D:8      | Found a staircase to the Lair.
  9082 | D:8      | 9082 ||| PLANNING LAIR
  9082 | D:8      | 9082 ||| READING scroll labelled QULUCK UTZUMP.
  9083 | D:8      | 9083 ||| READING 2 scrolls of identify.
  9083 | D:8      | 9083 ||| IDENTIFYING smoky inky potion
  9084 | D:8      | 9084 ||| DROPPING potion of brilliance.
  9121 | Lair:1   | Entered Level 1 of the Lair of Beasts
  9274 | Lair:1   | 9274 ||| Stepping ~*~*~tactically~*~*~ (stealth).
  9283 | Lair:1   | Reached * piety under Okawaru
  9284 | Lair:1   | 9284 ||| INVOKING Heroism.
  9293 | Lair:1   | Reached skill level 1 in Invocations
  9391 | Lair:1   | Noticed a cane toad
  9392 | Lair:1   | 9392 ||| INVOKING Heroism.
  9403 | Lair:1   | Killed a cane toad
  9404 | Lair:1   | Reached skill level 8 in Fighting
  9886 | Lair:1   | 9886 ||| DROPPING +2 robe of resistance.
  9887 | Lair:1   | 9887 ||| UPGRADING to +0 plate armour.
  9897 | Lair:1   | 9897 ||| DROPPING +0 chain mail.
  9898 | Lair:1   | 9898 ||| UPGRADING to +0 helmet.
  9903 | Lair:1   | 9903 ||| READING 2 scrolls of enchant armour.
  9903 | Lair:1   | 9903 ||| ENCHANTING +0 helmet.
  9904 | Lair:1   | 9904 ||| READING scroll of enchant armour.
  9904 | Lair:1   | 9904 ||| ENCHANTING +1 helmet.
  9930 | Lair:2   | Noticed a cane toad
  9931 | Lair:2   | 9931 ||| INVOKING Heroism.
  9935 | Lair:2   | 9935 ||| STAIRDANCE
  9954 | Lair:1   | 9954 ||| INVOKING Heroism.
  9957 | Lair:1   | Killed a cane toad
  9958 | Lair:1   | Reached skill level 3 in Invocations
  9998 | Lair:2   | Identified the +6 scale mail "Muponuor" {rElec rC+ Str-4}
 10022 | Lair:2   | Reached XP level 11. HP: 64/68 MP: 14/14
 10026 | Lair:2   | Reached ** piety under Okawaru
 10027 | Lair:2   | Reached skill level 6 in Armour
 10165 | Lair:2   | 10165 ||| Stepping ~*~*~tactically~*~*~ (hiding).
 10172 | Lair:2   | 10172 ||| INVOKING Heroism.
 10250 | Lair:2   | 10250 ||| INVOKING Heroism.
 10277 | Lair:2   | 10277 ||| INVOKING Heroism.
 10299 | Lair:2   | 10299 ||| INVOKING Heroism.
 10328 | Lair:2   | 10328 ||| Stepping ~*~*~tactically~*~*~ (stealth).
 10329 | Lair:2   | 10329 ||| Stepping ~*~*~tactically~*~*~ (stealth).
 10330 | Lair:2   | 10330 ||| Stepping ~*~*~tactically~*~*~ (stealth).
 10333 | Lair:2   | 10333 ||| INVOKING Heroism.
 10341 | Lair:2   | Reached *** piety under Okawaru
 10356 | Lair:2   | 10356 ||| FLEEEEING.
 10357 | Lair:2   | 10357 ||| FLEEEEING.
 10358 | Lair:2   | 10358 ||| FLEEEEING.
 10359 | Lair:2   | 10359 ||| FLEEEEING.
 10373 | Lair:2   | 10373 ||| Stepping ~*~*~tactically~*~*~ (stealth).
 10375 | Lair:2   | 10375 ||| Stepping ~*~*~tactically~*~*~ (hiding).
 10382 | Lair:2   | 10382 ||| INVOKING Heroism.
 10415 | Lair:2   | 10415 ||| INVOKING Heroism.
 10438 | Lair:2   | 10438 ||| INVOKING Heroism.
 10452 | Lair:2   | Reached skill level 9 in Fighting
 10599 | Lair:2   | Noticed Urug
 10600 | Lair:2   | 10600 ||| INVOKING Heroism.
 10617 | Lair:2   | 10617 ||| INVOKING Heroism.
 10624 | Lair:2   | Killed Urug
 10644 | Lair:2   | 10644 ||| INVOKING Heroism.
 10647 | Lair:2   | Reached skill level 1 in Throwing
 10897 | Lair:3   | 10897 ||| STAIRDANCE
 11001 | Lair:3   | 11001 ||| STAIRDANCE
 11003 | Lair:2   | 11003 ||| INVOKING Heroism.
 11033 | Lair:3   | 11033 ||| INVOKING Heroism.
 11034 | Lair:3   | 11034 ||| STAIRDANCE
 11046 | Lair:2   | Reached skill level 3 in Throwing
 11053 | Lair:3   | 11053 ||| STAIRDANCE
 11056 | Lair:2   | 11056 ||| INVOKING Heroism.
 11077 | Lair:2   | Reached **** piety under Okawaru
 11115 | Lair:3   | 11115 ||| INVOKING Heroism.
 11171 | Lair:3   | Noticed qw's ghost (journeyman GrFi)
 11173 | Lair:3   | Found a transporter.
 11179 | Lair:3   | Noticed an eight-headed hydra
 11186 | Lair:3   | 11186 ||| Stepping ~*~*~tactically~*~*~ (stealth).
 11188 | Lair:3   | 11188 ||| INVOKING Heroism.
 11192 | Lair:3   | Reached XP level 12. HP: 76/76 MP: 12/15
 11199 | Lair:3   | 11199 ||| Stepping ~*~*~tactically~*~*~ (stealth).
 11215 | Lair:3   | 11215 ||| Stepping ~*~*~tactically~*~*~ (stealth).
 11218 | Lair:3   | 11218 ||| Stepping ~*~*~tactically~*~*~ (stealth).
 11219 | Lair:3   | 11219 ||| Stepping ~*~*~tactically~*~*~ (stealth).
 11254 | Lair:3   | Found a hole to the Spider Nest.
 11260 | Lair:3   | 11260 ||| Stepping ~*~*~tactically~*~*~ (hiding).
 11320 | Lair:3   | Reached skill level 12 in Axes
 11390 | Lair:3   | 11390 ||| INVOKING Heroism.
 11426 | Lair:3   | 11426 ||| INVOKING Heroism.
 11437 | Lair:3   | Reached skill level 6 in Invocations
 11443 | Lair:3   | Reached ***** piety under Okawaru
 11549 | Lair:3   | 11549 ||| READING scroll of enchant armour.
 11549 | Lair:3   | 11549 ||| ENCHANTING +0 plate armour.
 11605 | Lair:3   | 11605 ||| Stepping ~*~*~tactically~*~*~ (stealth).
 11624 | Lair:3   | Found a staircase to the Shoals.
 11766 | Lair:3   | Noticed a seven-headed hydra
 11767 | Lair:3   | 11767 ||| INVOKING Heroism.
 11771 | Lair:3   | 11771 ||| SWAPPING to +0 morningstar.
 11777 | Lair:3   | Killed a seven-headed hydra
 11778 | Lair:3   | 11778 ||| SWAPPING to +1 war axe.
 11816 | Lair:3   | 11816 ||| INVOKING Heroism.
 11952 | Lair:3   | Found a transporter.
 12069 | Lair:3   | 12069 ||| UPGRADING to +0 cloak.
 12074 | Lair:3   | 12074 ||| READING scroll labelled ELUNLICIAT.
 12101 | Lair:4   | Found a gate leading to a gauntlet.
 12102 | Lair:4   | 12102 ||| PLANNING GAUNTLET
 12104 | Lair:4   | 12104 ||| STAIRDANCE
 12112 | Lair:4   | Noticed a seven-headed hydra
 12113 | Lair:4   | 12113 ||| STAIRDANCE
 12124 | Lair:4   | 12124 ||| INVOKING Heroism.
 12125 | Lair:4   | 12125 ||| SWAPPING to +0 morningstar.
 12126 | Lair:4   | 12126 ||| INVOKING Finesse.
 12133 | Lair:4   | Killed a seven-headed hydra
 12134 | Lair:4   | 12134 ||| SWAPPING to +1 war axe.
 12146 | Gauntlet | Entered a Gauntlet
 12146 | Gauntlet | Found a transporter.
 12183 | Gauntlet | Found a transporter.
 12185 | Gauntlet | Found a transporter.
 12191 | Gauntlet | Noticed a tengu warrior
 12196 | Gauntlet | Found a transporter.
 12199 | Gauntlet | Found a transporter.
 12203 | Gauntlet | Found a runed translucent door.
 12204 | Gauntlet | Found a runed translucent door.
 12206 | Gauntlet | Noticed a thrashing horror
 12207 | Gauntlet | Found a transporter.
 12228 | Gauntlet | Found a transporter.
 12239 | Gauntlet | Found a transporter.
 12246 | Gauntlet | Found a runed translucent door.
 12251 | Gauntlet | Found a transporter.
 12269 | Gauntlet | Found a transporter.
 12282 | Gauntlet | Noticed a tengu warrior
 12283 | Gauntlet | Found a transporter.
 12283 | Gauntlet | Found a transporter.
 12332 | Gauntlet | Found a transporter.
 12350 | Gauntlet | Found a transporter.
 12435 | Gauntlet | 12435 ||| INVOKING Heroism.
 12595 | Gauntlet | Killed a tengu warrior
 12595 | Gauntlet | Received a gift from Okawaru
 12599 | Gauntlet | 12599 ||| SWAPPING to +0 war axe of flaming.
 12600 | Gauntlet | 12600 ||| DROPPING +0 morningstar.
 12601 | Gauntlet | 12601 ||| DROPPING +1 war axe.
 12608 | Gauntlet | 12608 ||| READING scroll of enchant armour.
 12608 | Gauntlet | 12608 ||| ENCHANTING +0 cloak.
 12646 | Gauntlet | Killed a thrashing horror
 12654 | Gauntlet | Identified the +2 pair of boots "Tuleivop" {+Inv rPois
                  | rCorr Dex-4}
 12663 | Gauntlet | 12663 ||| UPGRADING to +2 pair of boots "Tuleivop" {+Inv
                  | rPois rCorr Dex-4}.
 12680 | Gauntlet | Noticed a minotaur
 12681 | Gauntlet | 12681 ||| INVOKING Heroism.
 12682 | Gauntlet | 12682 ||| INVOKING Finesse.
 12708 | Gauntlet | Killed a minotaur
 12709 | Gauntlet | Reached skill level 9 in Armour
 12751 | Gauntlet | Identified the +0 pair of boots of the Cicada {Harm Str+2
                  | Int-3}
 12783 | Gauntlet | 12783 ||| DROPPING +6 scale mail "Muponuor" {rElec rC+
                  | Str-4}.
 12784 | Gauntlet | 12784 ||| UPGRADING to +2 plate armour of poison
                  | resistance.
 12794 | Gauntlet | 12794 ||| DROPPING +1 plate armour.
 12795 | Gauntlet | 12795 ||| DROPPING ring of positive energy.
 12796 | Gauntlet | 12796 ||| DROPPING +6 ring of dexterity.
 12797 | Gauntlet | 12797 ||| UPGRADING to +4 ring of slaying {mikee}.
 12810 | Lair:4   | 12810 ||| PLANNING LAIR
 12845 | Lair:4   | Reached skill level 9 in Invocations
 12845 | Lair:4   | Reached XP level 13. HP: 80/80 MP: 19/19
 12864 | Lair:4   | 12864 ||| INVOKING Heroism.
 13052 | Lair:4   | 13052 ||| INVOKING Heroism.
 13427 | Lair:4   | 13427 ||| INVOKING Heroism.
 13428 | Lair:4   | 13428 ||| INVOKING Finesse.
 13430 | Lair:4   | Found a staircase to the Slime Pits.
 13451 | Lair:4   | Reached skill level 10 in Fighting
 13464 | Lair:4   | Received a gift from Okawaru
 13488 | Lair:4   | 13488 ||| SWAPPING to +4 vorpal broad axe.
 13595 | Lair:4   | 13595 ||| DRINKING 2 golden potions.
 13663 | Lair:5   | Entered Level 5 of the Lair of Beasts
 13664 | Lair:5   | 13664 ||| INVOKING Heroism.
 13665 | Lair:5   | 13665 ||| STAIRDANCE
 13698 | Lair:5   | Identified the +1 robe of Jucag {rC- Str+9}
 13701 | Lair:5   | 13701 ||| Stepping ~*~*~tactically~*~*~ (stealth).
 13706 | Lair:5   | 13706 ||| INVOKING Heroism.
 13707 | Lair:5   | 13707 ||| Stepping ~*~*~tactically~*~*~ (stealth).
 13780 | Lair:5   | 13780 ||| INVOKING Heroism.
 13789 | Lair:5   | 13789 ||| INVOKING Finesse.
 13790 | Lair:5   | 13790 ||| SWAPPING to +0 war axe of flaming.
 13798 | Lair:5   | 13798 ||| SWAPPING to +4 vorpal broad axe.
 13860 | Lair:5   | Identified the +10 plate armour of Joicw {Str+2 SInv}
                  | (Okawaru gifted it to you on level 5 of the Lair of Beasts)
 13860 | Lair:5   | Received a gift from Okawaru
 13885 | Lair:5   | 13885 ||| INVOKING Heroism.
 13906 | Lair:5   | 13906 ||| INVOKING Finesse.
 13909 | Lair:5   | 13909 ||| Stepping ~*~*~tactically~*~*~ (stealth).
 13911 | Lair:5   | 13911 ||| Stepping ~*~*~tactically~*~*~ (stealth).
 13912 | Lair:5   | 13912 ||| Stepping ~*~*~tactically~*~*~ (stealth).
 13918 | Lair:5   | 13918 ||| Stepping ~*~*~tactically~*~*~ (stealth).
 13930 | Lair:5   | 13930 ||| INVOKING Heroism.
 13962 | Lair:5   | 13962 ||| Stepping ~*~*~tactically~*~*~ (stealth).
 13963 | Lair:5   | 13963 ||| Stepping ~*~*~tactically~*~*~ (stealth).
 13989 | Lair:5   | 13989 ||| Stepping ~*~*~tactically~*~*~ (stealth).
 13990 | Lair:5   | 13990 ||| Stepping ~*~*~tactically~*~*~ (stealth).
 14011 | Lair:5   | 14011 ||| Stepping ~*~*~tactically~*~*~ (stealth).
 14038 | Lair:5   | 14038 ||| Stepping ~*~*~tactically~*~*~ (stealth).
 14039 | Lair:5   | 14039 ||| Stepping ~*~*~tactically~*~*~ (stealth).
 14042 | Lair:5   | 14042 ||| Stepping ~*~*~tactically~*~*~ (stealth).
 14044 | Lair:5   | 14044 ||| Stepping ~*~*~tactically~*~*~ (stealth).
 14046 | Lair:5   | 14046 ||| Stepping ~*~*~tactically~*~*~ (stealth).
 14048 | Lair:5   | 14048 ||| Stepping ~*~*~tactically~*~*~ (stealth).
 14052 | Lair:5   | 14052 ||| Stepping ~*~*~tactically~*~*~ (stealth).
 14053 | Lair:5   | 14053 ||| Stepping ~*~*~tactically~*~*~ (stealth).
 14054 | Lair:5   | 14054 ||| Stepping ~*~*~tactically~*~*~ (stealth).
 14057 | Lair:5   | 14057 ||| INVOKING Heroism.
 14078 | Lair:5   | 14078 ||| INVOKING Finesse.
 14083 | Lair:5   | Gained mutation: Your large and strong wings let you fly.
                  | [Gargoyle growth]
 14083 | Lair:5   | Reached XP level 14. HP: 88/88 MP: 15/21
 14188 | Lair:5   | 14188 ||| READING scroll of acquirement.
 14188 | Lair:5   | 14188 ||| ACQUIRING 1010 gold pieces
 14188 | Lair:5   | Acquired 1010 gold pieces
 14197 | Lair:5   | 14197 ||| INVOKING Heroism.
 14198 | Lair:5   | 14198 ||| INVOKING Finesse.
 14200 | Lair:5   | 14200 ||| SWAPPING to +0 war axe of flaming.
 14209 | Lair:5   | 14209 ||| SWAPPING to +4 vorpal broad axe.
 14375 | Lair:5   | 14375 ||| Stepping ~*~*~tactically~*~*~ (stealth).
 14518 | Lair:5   | 14518 ||| Stepping ~*~*~tactically~*~*~ (stealth).
 14522 | Lair:5   | 14522 ||| Stepping ~*~*~tactically~*~*~ (stealth).
 14523 | Lair:5   | 14523 ||| Stepping ~*~*~tactically~*~*~ (stealth).
 14800 | Lair:5   | 14800 ||| INVOKING Heroism.
 14830 | Lair:5   | 14830 ||| INVOKING Finesse.
 14846 | Lair:5   | Reached skill level 11 in Fighting
 14867 | Lair:5   | 14867 ||| Stepping ~*~*~tactically~*~*~ (stealth).
 14868 | Lair:5   | 14868 ||| Stepping ~*~*~tactically~*~*~ (stealth).
 14875 | Lair:5   | 14875 ||| INVOKING Heroism.
 14878 | Lair:5   | Received a gift from Okawaru
 14917 | Lair:5   | 14917 ||| INVOKING Heroism.
 14919 | Lair:5   | Reached skill level 12 in Shields
 14964 | Lair:5   | 14964 ||| INVOKING Heroism.
 14965 | Lair:5   | 14965 ||| INVOKING Finesse.
 14970 | Lair:5   | Received a gift from Okawaru
 15016 | Lair:5   | Identified the +1 chain mail of Lirez {rPois rN+++ Str-2
                  | Int+7}
 15187 | Lair:5   | 15187 ||| PLANNING D:1-11
 15187 | Lair:5   | 15187 ||| UPGRADING to +10 plate armour of Joicw {Str+2
                  | SInv}.
 15197 | Lair:5   | 15197 ||| DROPPING +2 plate armour of poison resistance.
 15198 | Lair:5   | 15198 ||| DROPPING ring of magical power.
 15199 | Lair:5   | 15199 ||| UPGRADING to +6 ring of strength.
 15201 | Lair:5   | 15201 ||| UPGRADING to +4 ring of protection.
 15203 | Lair:5   | 15203 ||| DROPPING +6 ring of strength.
 15400 | D:9      | 15400 ||| INVOKING Heroism.
 15446 | D:9      | Reached skill level 6 in Throwing
 15514 | D:9      | Found a runed translucent gate.
 15515 | D:9      | Found a runed translucent gate.
 15515 | D:9      | Found a runed translucent gate.
 15526 | D:9      | 15526 ||| INVOKING Heroism.
 15829 | D:9      | 15829 ||| READING scroll labelled DUASTA QATT.
 15830 | D:9      | 15830 ||| DROPPING +0 war axe of flaming.
 15843 | D:10     | Entered Level 10 of the Dungeon
 15862 | D:10     | 15862 ||| Stepping ~*~*~tactically~*~*~ (stealth).
 15863 | D:10     | 15863 ||| Stepping ~*~*~tactically~*~*~ (stealth).
 15865 | D:10     | 15865 ||| INVOKING Heroism.
 16210 | D:10     | 16210 ||| READING scroll of enchant weapon.
 16210 | D:10     | 16210 ||| ENCHANTING +4 broad axe of flaming.
 16270 | D:10     | 16270 ||| Stepping ~*~*~tactically~*~*~ (stealth).
 16274 | D:10     | 16274 ||| Stepping ~*~*~tactically~*~*~ (hiding).
 16969 | D:10     | 16969 ||| Stepping ~*~*~tactically~*~*~ (hiding).
 16970 | D:10     | 16970 ||| Stepping ~*~*~tactically~*~*~ (hiding).
 17004 | D:10     | 17004 ||| Stepping ~*~*~tactically~*~*~ (stealth).
 17017 | D:10     | 17017 ||| INVOKING Heroism.
 17315 | D:11     | 17315 ||| Stepping ~*~*~tactically~*~*~ (stealth).
 17347 | D:11     | Found a staircase to the Orcish Mines.
 17358 | D:11     | 17358 ||| INVOKING Heroism.
 17429 | D:11     | 17429 ||| Stepping ~*~*~tactically~*~*~ (stealth).
 17432 | D:11     | 17432 ||| INVOKING Heroism.
 17561 | D:11     | 17561 ||| INVOKING Heroism.
 17599 | D:11     | 17599 ||| Stepping ~*~*~tactically~*~*~ (hiding).
 17601 | D:11     | 17601 ||| FLEEEEING.
 17602 | D:11     | 17602 ||| FLEEEEING.
 17603 | D:11     | 17603 ||| FLEEEEING.
 17604 | D:11     | 17604 ||| Stepping ~*~*~tactically~*~*~ (hiding).
 18092 | D:11     | 18092 ||| PLANNING D
 18092 | D:11     | 18092 ||| DRINKING 2 fizzy inky potions.
 18093 | D:11     | 18093 ||| DROPPING potion of invisibility.
 18158 | D:12     | Noticed Maurice
 18164 | D:12     | Killed Maurice
 18165 | D:12     | Reached skill level 15 in Axes
 18224 | D:12     | 18224 ||| Stepping ~*~*~tactically~*~*~ (hiding).
 18228 | D:12     | 18228 ||| INVOKING Heroism.
 18235 | D:12     | 18235 ||| Stepping ~*~*~tactically~*~*~ (hiding).
 18618 | D:12     | 18618 ||| Stepping ~*~*~tactically~*~*~ (hiding).
 18896 | D:12     | 18896 ||| Stepping ~*~*~tactically~*~*~ (hiding).
 18910 | D:12     | 18910 ||| Stepping ~*~*~tactically~*~*~ (stealth).
 19077 | D:12     | 19077 ||| DROPPING +1 helmet.
 19078 | D:12     | 19078 ||| DROPPING amulet of the acrobat.
 19171 | D:13     | 19171 ||| INVOKING Heroism.
 19178 | D:13     | Reached XP level 15. HP: 95/95 MP: 20/22
 19218 | D:13     | 19218 ||| Stepping ~*~*~tactically~*~*~ (hiding).
 19224 | D:13     | Noticed Sonja
 19225 | D:13     | 19225 ||| Stepping ~*~*~tactically~*~*~ (hiding).
 19227 | D:13     | 19227 ||| INVOKING Finesse.
 19235 | D:13     | 19235 ||| Stepping ~*~*~tactically~*~*~ (hiding).
 19239 | D:13     | 19239 ||| Stepping ~*~*~tactically~*~*~ (hiding).
 19249 | D:13     | 19249 ||| INVOKING Finesse.
 19254 | D:13     | Killed Sonja
 19328 | D:13     | 19328 ||| Stepping ~*~*~tactically~*~*~ (hiding).
 19330 | D:13     | 19330 ||| Stepping ~*~*~tactically~*~*~ (hiding).
 19486 | D:13     | Found a runed translucent door.
 19488 | D:13     | Noticed qw's ghost (journeyman GrFi)
 19492 | D:13     | 19492 ||| Stepping ~*~*~tactically~*~*~ (hiding).
 19673 | D:13     | 19673 ||| READING scroll of enchant weapon.
 19673 | D:13     | 19673 ||| ENCHANTING +5 broad axe of flaming.
 19909 | D:13     | 19909 ||| INVOKING Heroism.
 19915 | D:13     | Reached skill level 12 in Fighting
 20040 | D:14     | 20040 ||| INVOKING Heroism.
 20041 | D:14     | 20041 ||| INVOKING Finesse.
 20076 | D:14     | HP: 24/96 [white ugly thing (31)]
 20077 | D:14     | 20077 ||| READING 6 scrolls of teleportation.
 20081 | D:14     | 20081 ||| DRINKING 8 potions of heal wounds.
 20081 | D:14     | HP: 15/96 [meliai/divine providence[a boggart] (10)]
 20081 | D:14     | HP: 7/96 [meliai/divine providence[a boggart] (8)]
 20082 | D:14     | 20082 ||| DRINKING 7 potions of heal wounds.
 20083 | D:14     | 20083 ||| INVOKING Heroism.
 20084 | D:14     | 20084 ||| FLEEEEING.
 20085 | D:14     | 20085 ||| FLEEEEING.
 20085 | D:14     | Noticed Agnes
 20086 | D:14     | 20086 ||| FLEEEEING.
 20087 | D:14     | 20087 ||| STAIRDANCE
 20181 | D:14     | 20181 ||| STAIRDANCE
 20183 | D:13     | 20183 ||| INVOKING Heroism.
 20184 | D:13     | 20184 ||| INVOKING Finesse.
 20278 | D:14     | 20278 ||| INVOKING Heroism.
 20319 | D:14     | 20319 ||| INVOKING Heroism.
 20341 | D:14     | 20341 ||| Stepping ~*~*~tactically~*~*~ (stealth).
 20344 | D:14     | 20344 ||| Stepping ~*~*~tactically~*~*~ (stealth).
 20353 | D:14     | 20353 ||| Stepping ~*~*~tactically~*~*~ (stealth).
 20392 | D:14     | 20392 ||| Stepping ~*~*~tactically~*~*~ (stealth).
 20393 | D:14     | 20393 ||| INVOKING Heroism.
 20394 | D:14     | 20394 ||| INVOKING Finesse.
 20398 | D:14     | Killed Agnes
 20491 | D:14     | 20491 ||| INVOKING Heroism.
 20497 | D:14     | 20497 ||| Stepping ~*~*~tactically~*~*~ (hiding).
 20571 | D:14     | 20571 ||| Stepping ~*~*~tactically~*~*~ (stealth).
 20606 | D:14     | 20606 ||| Stepping ~*~*~tactically~*~*~ (stealth).
 20608 | D:14     | 20608 ||| INVOKING Heroism.
 20628 | D:14     | 20628 ||| READING scroll of enchant weapon.
 20628 | D:14     | 20628 ||| ENCHANTING +6 broad axe of flaming.
 20639 | D:14     | Found a gate to the Vaults.
 20644 | D:14     | 20644 ||| INVOKING Heroism.
 20779 | D:14     | Found Idampus's Distillery.
 20787 | D:14     | 20787 ||| BUYING 2 potions of curing (66 gold).
 20787 | D:14     | Bought 2 potions of curing for 66 gold pieces
 20787 | D:14     | 20787 ||| BUYING potion of cancellation (88 gold).
 20787 | D:14     | Bought a potion of cancellation for 88 gold pieces
 20787 | D:14     | 20787 ||| BUYING potion of curing (33 gold).
 20787 | D:14     | Bought a potion of curing for 33 gold pieces
 20787 | D:14     | 20787 ||| BUYING potion of curing (33 gold).
 20787 | D:14     | Bought a potion of curing for 33 gold pieces
 20787 | D:14     | 20787 ||| BUYING potion of curing (33 gold).
 20787 | D:14     | Bought a potion of curing for 33 gold pieces
 20787 | D:14     | 20787 ||| BUYING potion of haste (110 gold).
 20787 | D:14     | Bought a potion of haste for 110 gold pieces
 20787 | D:14     | 20787 ||| BUYING potion of resistance (110 gold).
 20787 | D:14     | Bought a potion of resistance for 110 gold pieces
 20845 | D:14     | Identified the +7 plate armour of a bailey {rElec rN+}
                  | (Okawaru gifted it to you on level 14 of the Dungeon)
 20845 | D:14     | Received a gift from Okawaru
 20870 | D:14     | 20870 ||| Stepping ~*~*~tactically~*~*~ (stealth).
 20874 | D:14     | 20874 ||| Stepping ~*~*~tactically~*~*~ (stealth).
 20875 | D:14     | 20875 ||| Stepping ~*~*~tactically~*~*~ (stealth).
 20885 | D:14     | 20885 ||| INVOKING Heroism.
 21017 | D:14     | 21017 ||| DROPPING ring of willpower.
 21039 | D:15     | Entered Level 15 of the Dungeon
 21048 | D:15     | 21048 ||| INVOKING Heroism.
 21105 | D:15     | 21105 ||| INVOKING Heroism.
 21106 | D:15     | 21106 ||| INVOKING Finesse.
 21122 | D:15     | 21122 ||| Stepping ~*~*~tactically~*~*~ (hiding).
 21127 | D:15     | 21127 ||| Stepping ~*~*~tactically~*~*~ (hiding).
 21131 | D:15     | Reached skill level 12 in Armour
 21158 | D:15     | Found a staircase to the Depths.
 21173 | D:15     | 21173 ||| INVOKING Heroism.
 21189 | D:15     | Reached XP level 16. HP: 101/101 MP: 23/23
 21224 | D:15     | 21224 ||| Stepping ~*~*~tactically~*~*~ (hiding).
 21629 | D:15     | 21629 ||| Stepping ~*~*~tactically~*~*~ (hiding).
 21630 | D:15     | 21630 ||| Stepping ~*~*~tactically~*~*~ (hiding).
 21632 | D:15     | 21632 ||| Stepping ~*~*~tactically~*~*~ (hiding).
 21633 | D:15     | 21633 ||| Stepping ~*~*~tactically~*~*~ (hiding).
 21634 | D:15     | 21634 ||| Stepping ~*~*~tactically~*~*~ (hiding).
 21636 | D:15     | 21636 ||| Stepping ~*~*~tactically~*~*~ (hiding).
 21637 | D:15     | 21637 ||| Stepping ~*~*~tactically~*~*~ (hiding).
 21747 | D:15     | 21747 ||| Stepping ~*~*~tactically~*~*~ (stealth).
 21748 | D:15     | 21748 ||| Stepping ~*~*~tactically~*~*~ (stealth).
 21750 | D:15     | 21750 ||| Stepping ~*~*~tactically~*~*~ (hiding).
 21872 | D:15     | Found Kuse's Book Shop.
 21894 | D:15     | 21894 ||| Stepping ~*~*~tactically~*~*~ (hiding).
 22103 | D:15     | 22103 ||| PLANNING ORC
 22103 | D:15     | 22103 ||| UPGRADING to +2 pair of boots.
 22113 | D:15     | 22113 ||| DROPPING +0 pair of boots of the Cicada {Harm
                  | Str+2 Int-3}.
 22171 | Orc:1    | Entered Level 1 of the Orcish Mines
 22172 | Orc:1    | 22172 ||| INVOKING Heroism.
 22178 | Orc:1    | 22178 ||| INVOKING Finesse.
 22277 | Orc:1    | 22277 ||| Stepping ~*~*~tactically~*~*~ (hiding).
 22281 | Orc:1    | 22281 ||| Stepping ~*~*~tactically~*~*~ (stealth).
 22284 | Orc:1    | 22284 ||| Stepping ~*~*~tactically~*~*~ (stealth).
 22287 | Orc:1    | 22287 ||| Stepping ~*~*~tactically~*~*~ (stealth).
 22291 | Orc:1    | 22291 ||| Stepping ~*~*~tactically~*~*~ (hiding).
 22292 | Orc:1    | 22292 ||| INVOKING Heroism.
 22394 | Orc:1    | Reached skill level 3 in Dodging
 22463 | Orc:2    | Entered Level 2 of the Orcish Mines
 22512 | Orc:2    | 22512 ||| INVOKING Heroism.
 22516 | Orc:2    | 22516 ||| Stepping ~*~*~tactically~*~*~ (hiding).
 22668 | Orc:2    | Found Hagu's Vocational Training.
 22753 | Orc:2    | 22753 ||| INVOKING Heroism.
 22788 | Orc:2    | 22788 ||| INVOKING Heroism.
 22794 | Orc:2    | Found a staircase to the Elven Halls.
 22816 | Orc:2    | Received a gift from Okawaru
 22817 | Orc:2    | 22817 ||| Stepping ~*~*~tactically~*~*~ (hiding).
 22918 | Orc:2    | 22918 ||| Stepping ~*~*~tactically~*~*~ (stealth).
 22920 | Orc:2    | 22920 ||| Stepping ~*~*~tactically~*~*~ (hiding).
 22921 | Orc:2    | 22921 ||| Stepping ~*~*~tactically~*~*~ (hiding).
 22924 | Orc:2    | 22924 ||| INVOKING Heroism.
 22931 | Orc:2    | 22931 ||| Stepping ~*~*~tactically~*~*~ (hiding).
 22934 | Orc:2    | 22934 ||| Stepping ~*~*~tactically~*~*~ (hiding).
 22978 | Orc:2    | HP: 16/103 [orc priest/divine providence (10)]
 22979 | Orc:2    | 22979 ||| READING 5 scrolls of teleportation.
 22979 | Orc:2    | HP: 5/103 [orc warrior/+0 trident (13)]
 22980 | Orc:2    | 22980 ||| DRINKING 6 potions of heal wounds.
 22982 | Orc:2    | 22982 ||| DRINKING 5 potions of heal wounds.
 22984 | Orc:2    | 22984 ||| INVOKING Heroism.
 22985 | Orc:2    | 22985 ||| Stepping ~*~*~tactically~*~*~ (stealth).
 23036 | Orc:2    | 23036 ||| Stepping ~*~*~tactically~*~*~ (hiding).
 23138 | Orc:2    | 23138 ||| Stepping ~*~*~tactically~*~*~ (stealth).
 23202 | Orc:2    | 23202 ||| INVOKING Heroism.
 23428 | Orc:2    | Found Taynk's Armour Shop.
 23430 | Orc:2    | Found Ossar's Weapon Shop.
 23433 | Orc:2    | Found Ceqyr Nus's Book Boutique.
 23434 | Orc:2    | Found Ulockui's Armour Shop.
 23439 | Orc:2    | 23439 ||| BUYING +2 pair of gloves "Bugoh" {rN+ Int+4
                  | Slay+2} (595 gold).
 23439 | Orc:2    | Bought the +2 pair of gloves "Bugoh" {rN+ Int+4 Slay+2} for
                  | 595 gold pieces
 23443 | Orc:2    | 23443 ||| BUYING +13 plate armour of the Elephant {*Corrode
                  | rElec rPois rC+} (1158 gold).
 23443 | Orc:2    | Bought the +13 plate armour of the Elephant {*Corrode rElec
                  | rPois rC+} for 1158 gold pieces
 23606 | Orc:2    | 23606 ||| UPGRADING to +2 pair of gloves "Bugoh" {rN+ Int+4
                  | Slay+2}.
 23667 | Orc:1    | 23667 ||| INVOKING Heroism.
 23683 | Orc:1    | 23683 ||| INVOKING Heroism.
 23705 | Orc:1    | Reached skill level 13 in Fighting
 23905 | Orc:1    | 23905 ||| INVOKING Heroism.
 23950 | Orc:1    | 23950 ||| PLANNING SHOALS:1-3
 24207 | Shoals:1 | Entered Level 1 of the Shoals
 24236 | Shoals:1 | 24236 ||| READING scroll of brand weapon.
 24236 | Shoals:1 | 24236 ||| BRANDING +7 broad axe of flaming.
 24277 | Shoals:1 | Noticed a kraken
 24285 | Shoals:1 | 24285 ||| INVOKING Heroism.
 24296 | Shoals:1 | Killed a kraken
 24382 | Shoals:1 | 24382 ||| INVOKING Heroism.
 24383 | Shoals:1 | 24383 ||| INVOKING Finesse.
 24395 | Shoals:1 | Received a gift from Okawaru
 24522 | Shoals:1 | 24522 ||| INVOKING Heroism.
 24562 | Shoals:1 | Found Eniujy's Weapon Emporium.
 24570 | Shoals:1 | 24570 ||| BUYING +0 whip (35 gold).
 24570 | Shoals:1 | Bought a +0 whip for 35 gold pieces
 24570 | Shoals:1 | 24570 ||| BUYING +2 flail of protection (226 gold).
 24570 | Shoals:1 | Bought a +2 flail of protection for 226 gold pieces
 24570 | Shoals:1 | 24570 ||| DROPPING +0 whip.
 24590 | Shoals:1 | 24590 ||| INVOKING Heroism.
 24614 | Shoals:1 | 24614 ||| READING 3 scrolls of enchant weapon.
 24614 | Shoals:1 | 24614 ||| ENCHANTING +7 broad axe of venom.
 24615 | Shoals:1 | 24615 ||| READING 2 scrolls of enchant weapon.
 24615 | Shoals:1 | 24615 ||| ENCHANTING +8 broad axe of venom.
 24798 | Shoals:1 | 24798 ||| Stepping ~*~*~tactically~*~*~ (hiding).
 24801 | Shoals:1 | 24801 ||| Stepping ~*~*~tactically~*~*~ (hiding).
 24804 | Shoals:1 | 24804 ||| Stepping ~*~*~tactically~*~*~ (hiding).
 24807 | Shoals:1 | 24807 ||| INVOKING Heroism.
 24808 | Shoals:1 | 24808 ||| INVOKING Finesse.
 25099 | Shoals:1 | 25099 ||| READING 11 scrolls of identify.
 25099 | Shoals:1 | 25099 ||| IDENTIFYING blue potion
 25127 | Shoals:2 | Received a gift from Okawaru
 25150 | Shoals:2 | 25150 ||| READING scroll of enchant armour.
 25150 | Shoals:2 | 25150 ||| ENCHANTING +1 cloak.
 25172 | Shoals:2 | 25172 ||| INVOKING Heroism.
 25173 | Shoals:2 | 25173 ||| INVOKING Finesse.
 25219 | Shoals:2 | 25219 ||| INVOKING Heroism.
 25270 | Shoals:2 | 25270 ||| Stepping ~*~*~tactically~*~*~ (hiding).
 25291 | Shoals:2 | 25291 ||| INVOKING Heroism.
 25292 | Shoals:2 | 25292 ||| INVOKING Finesse.
 25293 | Shoals:2 | Found Silay's Overcharged Wands.
 25303 | Shoals:2 | Received a gift from Okawaru
 25361 | Shoals:2 | 25361 ||| SHOPLISTING wand of digging (11) (693 gold, have
                  | 468).
 25408 | Shoals:2 | 25408 ||| INVOKING Heroism.
 25487 | Shoals:2 | 25487 ||| INVOKING Heroism.
 25588 | Shoals:2 | 25588 ||| INVOKING Heroism.
 25604 | Shoals:2 | Reached skill level 18 in Axes
 25604 | Shoals:2 | Reached XP level 17. HP: 51/108 MP: 24/24
 25672 | Shoals:2 | 25672 ||| INVOKING Heroism.
 25691 | Shoals:2 | Received a gift from Okawaru
 26003 | Shoals:2 | 26003 ||| INVOKING Heroism.
 26050 | Shoals:3 | 26050 ||| INVOKING Finesse.
 26075 | Shoals:3 | 26075 ||| INVOKING Heroism.
 26152 | Shoals:3 | 26152 ||| Stepping ~*~*~tactically~*~*~ (hiding).
 26274 | Shoals:3 | 26274 ||| INVOKING Heroism.
 26292 | Shoals:3 | 26292 ||| Stepping ~*~*~tactically~*~*~ (hiding).
 26318 | Shoals:3 | 26318 ||| INVOKING Heroism.
 26540 | Shoals:3 | 26540 ||| Stepping ~*~*~tactically~*~*~ (hiding).
 26541 | Shoals:3 | 26541 ||| Stepping ~*~*~tactically~*~*~ (hiding).
 26542 | Shoals:3 | 26542 ||| Stepping ~*~*~tactically~*~*~ (hiding).
 26550 | Shoals:3 | 26550 ||| INVOKING Heroism.
 26551 | Shoals:3 | 26551 ||| INVOKING Finesse.
 26553 | Shoals:3 | 26553 ||| Stepping ~*~*~tactically~*~*~ (hiding).
 26555 | Shoals:3 | 26555 ||| Stepping ~*~*~tactically~*~*~ (hiding).
 26614 | Shoals:3 | Reached skill level 14 in Fighting
 26940 | Shoals:3 | 26940 ||| PLANNING SPIDER:1-3
 27025 | Spider:1 | Entered Level 1 of the Spider Nest
 27027 | Spider:1 | 27027 ||| Stepping ~*~*~tactically~*~*~ (stealth).
 27047 | Spider:1 | 27047 ||| Stepping ~*~*~tactically~*~*~ (stealth).
 27048 | Spider:1 | 27048 ||| INVOKING Finesse.
 27050 | Spider:1 | 27050 ||| INVOKING Heroism.
 27358 | Spider:1 | 27358 ||| Stepping ~*~*~tactically~*~*~ (hiding).
 27435 | Spider:1 | 27435 ||| Stepping ~*~*~tactically~*~*~ (stealth).
 27442 | Spider:1 | 27442 ||| Stepping ~*~*~tactically~*~*~ (stealth).
 27498 | Spider:1 | 27498 ||| Stepping ~*~*~tactically~*~*~ (hiding).
 27501 | Spider:1 | 27501 ||| INVOKING Heroism.
 27565 | Spider:1 | 27565 ||| Stepping ~*~*~tactically~*~*~ (hiding).
 27582 | Spider:1 | 27582 ||| Stepping ~*~*~tactically~*~*~ (stealth).
 27716 | Spider:1 | 27716 ||| Stepping ~*~*~tactically~*~*~ (stealth).
 27718 | Spider:1 | 27718 ||| Stepping ~*~*~tactically~*~*~ (stealth).
 27721 | Spider:1 | 27721 ||| Stepping ~*~*~tactically~*~*~ (stealth).
 27742 | Spider:1 | 27742 ||| Stepping ~*~*~tactically~*~*~ (hiding).
 27747 | Spider:1 | 27747 ||| INVOKING Finesse.
 27882 | Spider:1 | Identified the +1 robe of Perfidy {Rampage}
 28079 | Spider:1 | 28079 ||| DROPPING -2 pair of gloves.
 28101 | Spider:2 | 28101 ||| STAIRDANCE
 28127 | Spider:2 | 28127 ||| Stepping ~*~*~tactically~*~*~ (stealth).
 28128 | Spider:2 | Noticed Aizul
 28129 | Spider:2 | 28129 ||| INVOKING Heroism.
 28130 | Spider:2 | 28130 ||| INVOKING Finesse.
 28147 | Spider:2 | Killed Aizul
 28203 | Spider:2 | 28203 ||| Stepping ~*~*~tactically~*~*~ (stealth).
 28205 | Spider:2 | 28205 ||| INVOKING Heroism.
 28261 | Spider:2 | 28261 ||| Stepping ~*~*~tactically~*~*~ (hiding).
 28267 | Spider:2 | 28267 ||| INVOKING Heroism.
 28268 | Spider:2 | 28268 ||| INVOKING Finesse.
 28275 | Spider:2 | 28275 ||| Stepping ~*~*~tactically~*~*~ (hiding).
 28278 | Spider:2 | 28278 ||| Stepping ~*~*~tactically~*~*~ (hiding).
 28282 | Spider:2 | Received a gift from Okawaru
 28306 | Spider:2 | 28306 ||| INVOKING Finesse.
 28319 | Spider:2 | 28319 ||| READING 8 scrolls of teleportation.
 28324 | Spider:2 | 28324 ||| INVOKING Heroism.
 28462 | Spider:2 | 28462 ||| Stepping ~*~*~tactically~*~*~ (stealth).
 28463 | Spider:2 | 28463 ||| Stepping ~*~*~tactically~*~*~ (stealth).
 28465 | Spider:2 | 28465 ||| INVOKING Heroism.
 28504 | Spider:2 | Received a gift from Okawaru
 28517 | Spider:2 | 28517 ||| Stepping ~*~*~tactically~*~*~ (stealth).
 28560 | Spider:2 | 28560 ||| Stepping ~*~*~tactically~*~*~ (stealth).
 28568 | Spider:2 | 28568 ||| FLEEEEING.
 28569 | Spider:2 | 28569 ||| FLEEEEING.
 28570 | Spider:2 | 28570 ||| FLEEEEING.
 28571 | Spider:2 | 28571 ||| FLEEEEING.
 28572 | Spider:2 | 28572 ||| FLEEEEING.
 28573 | Spider:2 | 28573 ||| FLEEEEING.
 28606 | Spider:2 | Noticed Louise
 28607 | Spider:2 | 28607 ||| Stepping ~*~*~tactically~*~*~ (hiding).
 28609 | Spider:2 | 28609 ||| INVOKING Heroism.
 28640 | Spider:2 | Killed Louise
 28698 | Spider:2 | Noticed Arachne
 28700 | Spider:2 | 28700 ||| INVOKING Finesse.
 28701 | Spider:2 | 28701 ||| INVOKING Heroism.
 28718 | Spider:2 | Killed Arachne
 28719 | Spider:2 | Reached skill level 15 in Fighting
 28766 | Spider:2 | You are sucked into a shaft and drop 1 floor!
 28816 | Spider:3 | 28816 ||| Stepping ~*~*~tactically~*~*~ (stealth).
 28953 | Spider:2 | 28953 ||| Stepping ~*~*~tactically~*~*~ (stealth).
 29101 | Spider:3 | 29101 ||| Stepping ~*~*~tactically~*~*~ (hiding).
 29462 | Spider:3 | 29462 ||| Stepping ~*~*~tactically~*~*~ (stealth).
 29466 | Spider:3 | 29466 ||| Stepping ~*~*~tactically~*~*~ (hiding).
 29469 | Spider:3 | 29469 ||| READING 10 scrolls of teleportation.
 29488 | Spider:3 | Identified the +3 leather armour of Yredelemnul's Approval
                  | {rPois rN+}
 29665 | Spider:3 | 29665 ||| INVOKING Heroism.
 29943 | Spider:3 | Reached XP level 18. HP: 117/119 MP: 25/25
 29945 | Spider:3 | 29945 ||| DROPPING +2 flail of protection.
 29997 | Spider:3 | 29997 ||| INVOKING Heroism.
 30240 | Spider:3 | 30240 ||| PLANNING SHOALS:4
 30356 | Shoals:4 | Entered Level 4 of the Shoals
 30376 | Shoals:4 | 30376 ||| INVOKING Heroism.
 30423 | Shoals:4 | 30423 ||| INVOKING Heroism.
 30447 | Shoals:4 | 30447 ||| Stepping ~*~*~tactically~*~*~ (hiding).
 30448 | Shoals:4 | 30448 ||| Stepping ~*~*~tactically~*~*~ (hiding).
 30559 | Shoals:4 | Noticed Polyphemus
 30560 | Shoals:4 | 30560 ||| INVOKING Heroism.
 30570 | Shoals:4 | Reached skill level 15 in Armour
 30576 | Shoals:4 | 30576 ||| INVOKING Heroism.
 30581 | Shoals:4 | Killed Polyphemus
 30618 | Shoals:4 | 30618 ||| INVOKING Heroism.
 30619 | Shoals:4 | Noticed Ilsuiw
 30641 | Shoals:4 | 30641 ||| INVOKING Finesse.
 30656 | Shoals:4 | Killed Ilsuiw
 30675 | Shoals:4 | 30675 ||| INVOKING Heroism.
 30708 | Shoals:4 | 30708 ||| Stepping ~*~*~tactically~*~*~ (stealth).
 30710 | Shoals:4 | 30710 ||| Stepping ~*~*~tactically~*~*~ (stealth).
 30711 | Shoals:4 | 30711 ||| Stepping ~*~*~tactically~*~*~ (stealth).
 30713 | Shoals:4 | 30713 ||| Stepping ~*~*~tactically~*~*~ (stealth).
 30716 | Shoals:4 | 30716 ||| INVOKING Heroism.
 30825 | Shoals:4 | 30825 ||| INVOKING Heroism.
 30836 | Shoals:4 | 30836 ||| INVOKING Finesse.
 30849 | Shoals:4 | 30849 ||| Stepping ~*~*~tactically~*~*~ (stealth).
 31003 | Shoals:4 | 31003 ||| INVOKING Heroism.
 31054 | Shoals:4 | 31054 ||| Stepping ~*~*~tactically~*~*~ (hiding).
 31169 | Shoals:4 | 31169 ||| Stepping ~*~*~tactically~*~*~ (hiding).
 31178 | Shoals:4 | Reached skill level 9 in Throwing
 31219 | Shoals:4 | 31219 ||| INVOKING Heroism.
 31234 | Shoals:4 | Reached skill level 15 in Shields
 31261 | Shoals:4 | 31261 ||| Stepping ~*~*~tactically~*~*~ (hiding).
 31262 | Shoals:4 | 31262 ||| Stepping ~*~*~tactically~*~*~ (hiding).
 31266 | Shoals:4 | 31266 ||| INVOKING Heroism.
 31298 | Shoals:4 | Identified the ring of Miehig {rPois rCorr Str+4 Int-2
                  | SInv}
 31330 | Shoals:4 | Received a gift from Okawaru
 31404 | Shoals:4 | 31404 ||| INVOKING Heroism.
 31405 | Shoals:4 | 31405 ||| INVOKING Finesse.
 31479 | Shoals:4 | 31479 ||| INVOKING Heroism.
 31482 | Shoals:4 | 31482 ||| INVOKING Finesse.
 31514 | Shoals:4 | Reached skill level 16 in Fighting
 31539 | Shoals:4 | Got a barnacled rune of Zot
 31609 | Shoals:4 | 31609 ||| INVOKING Heroism.
 31664 | Shoals:4 | 31664 ||| INVOKING Heroism.
 31688 | Shoals:4 | Identified the +1 ring mail of Gozag's Wrath {-Cast Drain
                  | rElec rPois}
 31718 | Shoals:4 | 31718 ||| INVOKING Heroism.
 31777 | Shoals:4 | 31777 ||| PLANNING VAULTS:1-4
 32104 | Vaults:1 | Entered Level 1 of the Vaults
 32167 | Vaults:1 | 32167 ||| Stepping ~*~*~tactically~*~*~ (hiding).
 32544 | Vaults:1 | 32544 ||| INVOKING Heroism.
 32549 | Vaults:1 | Received a gift from Okawaru
 32735 | Vaults:1 | 32735 ||| Stepping ~*~*~tactically~*~*~ (hiding).
 32737 | Vaults:1 | 32737 ||| Stepping ~*~*~tactically~*~*~ (hiding).
 32738 | Vaults:1 | 32738 ||| INVOKING Heroism.
 32754 | Vaults:1 | Received a gift from Okawaru
 32762 | Vaults:1 | 32762 ||| INVOKING Heroism.
 32774 | Vaults:1 | Reached XP level 19. HP: 126/127 MP: 24/26
 32846 | Vaults:1 | 32846 ||| Stepping ~*~*~tactically~*~*~ (hiding).
 33083 | Vaults:1 | 33083 ||| Stepping ~*~*~tactically~*~*~ (stealth).
 33085 | Vaults:1 | 33085 ||| Stepping ~*~*~tactically~*~*~ (hiding).
 33113 | Vaults:1 | 33113 ||| Stepping ~*~*~tactically~*~*~ (hiding).
 33114 | Vaults:1 | 33114 ||| Stepping ~*~*~tactically~*~*~ (hiding).
 33119 | Vaults:1 | 33119 ||| INVOKING Heroism.
 33123 | Vaults:1 | Reached skill level 17 in Fighting
 33128 | Vaults:1 | Received a gift from Okawaru
 33137 | Vaults:1 | Reached ****** piety under Okawaru
 33480 | Vaults:1 | 33480 ||| DROPPING ring of wizardry.
 33590 | Vaults:2 | Received a gift from Okawaru
 33592 | Vaults:2 | 33592 ||| INVOKING Heroism.
 33652 | Vaults:2 | 33652 ||| INVOKING Heroism.
 33737 | Vaults:2 | 33737 ||| Stepping ~*~*~tactically~*~*~ (stealth).
 33743 | Vaults:2 | 33743 ||| INVOKING Heroism.
 33804 | Vaults:2 | Received a gift from Okawaru
 33804 | Vaults:2 | Found the +3 pair of gauntlets of War {Slay+5}
 33845 | Vaults:2 | 33845 ||| Stepping ~*~*~tactically~*~*~ (stealth).
 33847 | Vaults:2 | 33847 ||| Stepping ~*~*~tactically~*~*~ (stealth).
 33871 | Vaults:2 | 33871 ||| Stepping ~*~*~tactically~*~*~ (stealth).
 33875 | Vaults:2 | 33875 ||| Stepping ~*~*~tactically~*~*~ (stealth).
 33876 | Vaults:2 | 33876 ||| Stepping ~*~*~tactically~*~*~ (stealth).
 33883 | Vaults:2 | 33883 ||| INVOKING Heroism.
 33914 | Vaults:2 | 33914 ||| INVOKING Finesse.
 33955 | Vaults:2 | 33955 ||| INVOKING Heroism.
 33956 | Vaults:2 | 33956 ||| INVOKING Finesse.
 34053 | Vaults:2 | 34053 ||| Stepping ~*~*~tactically~*~*~ (hiding).
 34054 | Vaults:2 | 34054 ||| Stepping ~*~*~tactically~*~*~ (hiding).
 34169 | Vaults:2 | 34169 ||| Stepping ~*~*~tactically~*~*~ (hiding).
 34171 | Vaults:2 | 34171 ||| Stepping ~*~*~tactically~*~*~ (hiding).
 34201 | Vaults:2 | 34201 ||| INVOKING Heroism.
 34203 | Vaults:2 | 34203 ||| Stepping ~*~*~tactically~*~*~ (hiding).
 34217 | Vaults:2 | 34217 ||| Stepping ~*~*~tactically~*~*~ (hiding).
 34238 | Vaults:2 | Noticed Nikola
 34238 | Vaults:2 | 34238 ||| INVOKING Heroism.
 34239 | Vaults:2 | 34239 ||| INVOKING Finesse.
 34242 | Vaults:2 | 34242 ||| INVOKING Finesse.
 34268 | Vaults:2 | Killed Nikola
 34341 | Vaults:2 | Found a staircase to the Crypt.
 34370 | Vaults:2 | 34370 ||| INVOKING Heroism.
 34371 | Vaults:2 | 34371 ||| INVOKING Finesse.
 34487 | Vaults:2 | 34487 ||| INVOKING Heroism.
 34492 | Vaults:2 | 34492 ||| Stepping ~*~*~tactically~*~*~ (hiding).
 34493 | Vaults:2 | 34493 ||| Stepping ~*~*~tactically~*~*~ (hiding).
 34496 | Vaults:2 | Reached skill level 18 in Fighting
 34499 | Vaults:2 | 34499 ||| Stepping ~*~*~tactically~*~*~ (hiding).
 34502 | Vaults:2 | 34502 ||| INVOKING Finesse.
 34828 | Vaults:2 | 34828 ||| UPGRADING to +3 pair of gauntlets of War
                  | {Slay+5}.
 34838 | Vaults:2 | 34838 ||| DROPPING +2 pair of gloves "Bugoh" {rN+ Int+4
                  | Slay+2}.
 34871 | Vaults:3 | 34871 ||| INVOKING Heroism.
 34890 | Vaults:3 | Reached XP level 20. HP: 106/136 MP: 27/27
 34947 | Vaults:3 | 34947 ||| Stepping ~*~*~tactically~*~*~ (hiding).
 34992 | Vaults:3 | 34992 ||| Stepping ~*~*~tactically~*~*~ (hiding).
 35013 | Vaults:3 | 35013 ||| INVOKING Heroism.
 35014 | Vaults:3 | Received a gift from Okawaru
 35018 | Vaults:3 | Reached skill level 18 in Armour
 35123 | Vaults:3 | 35123 ||| INVOKING Heroism.
 35167 | Vaults:3 | 35167 ||| INVOKING Heroism.
 35327 | Vaults:3 | 35327 ||| INVOKING Heroism.
 35332 | Vaults:3 | Identified the +3 ring mail of the Equinox {Will+ Str-4
                  | Slay+6} (Okawaru gifted it to you on level 3 of the Vaults)
 35332 | Vaults:3 | Received a gift from Okawaru
 35379 | Vaults:3 | 35379 ||| Stepping ~*~*~tactically~*~*~ (stealth).
 35391 | Vaults:3 | 35391 ||| FLEEEEING.
 35392 | Vaults:3 | 35392 ||| FLEEEEING.
 35393 | Vaults:3 | 35393 ||| FLEEEEING.
 35394 | Vaults:3 | 35394 ||| FLEEEEING.
 35400 | Vaults:3 | 35400 ||| FLEEEEING.
 35401 | Vaults:3 | 35401 ||| FLEEEEING.
 35402 | Vaults:3 | 35402 ||| FLEEEEING.
 35403 | Vaults:3 | 35403 ||| FLEEEEING.
 35409 | Vaults:3 | 35409 ||| FLEEEEING.
 35410 | Vaults:3 | 35410 ||| FLEEEEING.
 35411 | Vaults:3 | 35411 ||| FLEEEEING.
 35412 | Vaults:3 | 35412 ||| FLEEEEING.
 35413 | Vaults:3 | 35413 ||| FLEEEEING.
 35414 | Vaults:3 | 35414 ||| FLEEEEING.
 35415 | Vaults:3 | 35415 ||| FLEEEEING.
 35416 | Vaults:3 | 35416 ||| FLEEEEING.
 35417 | Vaults:3 | 35417 ||| FLEEEEING.
 35418 | Vaults:3 | 35418 ||| FLEEEEING.
 35419 | Vaults:3 | 35419 ||| FLEEEEING.
 35420 | Vaults:3 | 35420 ||| FLEEEEING.
 35421 | Vaults:3 | 35421 ||| FLEEEEING.
 35427 | Vaults:3 | 35427 ||| INVOKING Heroism.
 35459 | Vaults:3 | Reached skill level 19 in Fighting
 35562 | Vaults:3 | 35562 ||| Stepping ~*~*~tactically~*~*~ (stealth).
 35563 | Vaults:3 | 35563 ||| Stepping ~*~*~tactically~*~*~ (stealth).
 35596 | Vaults:3 | 35596 ||| FLEEEEING.
 35599 | Vaults:3 | 35599 ||| FLEEEEING.
 35600 | Vaults:3 | 35600 ||| FLEEEEING.
 35601 | Vaults:3 | 35601 ||| FLEEEEING.
 35602 | Vaults:3 | 35602 ||| FLEEEEING.
 35603 | Vaults:3 | 35603 ||| FLEEEEING.
 35610 | Vaults:3 | 35610 ||| FLEEEEING.
 35611 | Vaults:3 | 35611 ||| FLEEEEING.
 35612 | Vaults:3 | 35612 ||| FLEEEEING.
 35613 | Vaults:3 | 35613 ||| FLEEEEING.
 35614 | Vaults:3 | 35614 ||| FLEEEEING.
 35625 | Vaults:3 | 35625 ||| FLEEEEING.
 35626 | Vaults:3 | 35626 ||| FLEEEEING.
 35627 | Vaults:3 | 35627 ||| FLEEEEING.
 35628 | Vaults:3 | 35628 ||| FLEEEEING.
 35629 | Vaults:3 | 35629 ||| FLEEEEING.
 35630 | Vaults:3 | 35630 ||| FLEEEEING.
 35631 | Vaults:3 | 35631 ||| FLEEEEING.
 35638 | Vaults:3 | 35638 ||| FLEEEEING.
 35649 | Vaults:3 | 35649 ||| INVOKING Heroism.
 35650 | Vaults:3 | 35650 ||| INVOKING Finesse.
 35781 | Vaults:3 | 35781 ||| Stepping ~*~*~tactically~*~*~ (hiding).
 36173 | Vaults:3 | 36173 ||| INVOKING Heroism.
 36462 | Vaults:3 | 36462 ||| INVOKING Heroism.
 36530 | Vaults:4 | 36530 ||| Stepping ~*~*~tactically~*~*~ (stealth).
 36588 | Vaults:4 | 36588 ||| INVOKING Heroism.
 36589 | Vaults:4 | 36589 ||| INVOKING Finesse.
 36652 | Vaults:4 | 36652 ||| Stepping ~*~*~tactically~*~*~ (hiding).
 36656 | Vaults:4 | 36656 ||| INVOKING Heroism.
 36658 | Vaults:4 | 36658 ||| Stepping ~*~*~tactically~*~*~ (hiding).
 36669 | Vaults:4 | 36669 ||| Stepping ~*~*~tactically~*~*~ (hiding).
 36714 | Vaults:4 | 36714 ||| Stepping ~*~*~tactically~*~*~ (hiding).
 36718 | Vaults:4 | 36718 ||| INVOKING Heroism.
 36940 | Vaults:4 | 36940 ||| Stepping ~*~*~tactically~*~*~ (stealth).
 36942 | Vaults:4 | 36942 ||| Stepping ~*~*~tactically~*~*~ (stealth).
 36946 | Vaults:4 | 36946 ||| INVOKING Heroism.
 36953 | Vaults:4 | Received a gift from Okawaru
 36956 | Vaults:4 | Reached XP level 21. HP: 144/144 MP: 26/28
 37113 | Vaults:4 | 37113 ||| Stepping ~*~*~tactically~*~*~ (hiding).
 37214 | Vaults:4 | Identified the +0 buckler of Impermeability {Drain Str+4
                  | Int+2}
 37303 | Vaults:4 | 37303 ||| Stepping ~*~*~tactically~*~*~ (stealth).
 37307 | Vaults:4 | 37307 ||| INVOKING Heroism.
 37368 | Vaults:4 | 37368 ||| FLEEEEING.
 37369 | Vaults:4 | 37369 ||| FLEEEEING.
 37370 | Vaults:4 | 37370 ||| FLEEEEING.
 37371 | Vaults:4 | 37371 ||| FLEEEEING.
 37372 | Vaults:4 | 37372 ||| FLEEEEING.
 37373 | Vaults:4 | 37373 ||| FLEEEEING.
 37374 | Vaults:4 | 37374 ||| FLEEEEING.
 37375 | Vaults:4 | 37375 ||| FLEEEEING.
 37380 | Vaults:4 | 37380 ||| FLEEEEING.
 37381 | Vaults:4 | 37381 ||| FLEEEEING.
 37384 | Vaults:4 | 37384 ||| FLEEEEING.
 37385 | Vaults:4 | 37385 ||| FLEEEEING.
 37387 | Vaults:4 | 37387 ||| FLEEEEING.
 37651 | Vaults:4 | 37651 ||| INVOKING Heroism.
 37690 | Vaults:4 | Found a radiant altar of Vehumet.
 37691 | Vaults:4 | 37691 ||| Stepping ~*~*~tactically~*~*~ (hiding).
 37693 | Vaults:4 | 37693 ||| INVOKING Heroism.
 37694 | Vaults:4 | 37694 ||| INVOKING Finesse.
 37739 | Vaults:4 | Identified the +0 hat of Makhleb's Generosity {-Tele rN+++
                  | Str+7}
 37741 | Vaults:4 | Identified the +0 hat of the Depths {Slay+3}
 37759 | Vaults:4 | Identified the +2 hat of Plog {rElec rC+ Slay+3}
 37977 | Vaults:4 | 37977 ||| PLANNING SPIDER:4
 37977 | Vaults:4 | 37977 ||| DROPPING +1 hat.
 37978 | Vaults:4 | 37978 ||| DROPPING +1 hat.
 37979 | Vaults:4 | 37979 ||| DROPPING +1 hat.
 37980 | Vaults:4 | 37980 ||| DROPPING +0 hat of the Depths {Slay+3}.
 37981 | Vaults:4 | 37981 ||| UPGRADING to +2 hat of Plog {rElec rC+ Slay+3}.
 37991 | Vaults:4 | 37991 ||| DROPPING +2 helmet.
 37992 | Vaults:4 | 37992 ||| DROPPING +2 hat.
 38291 | D:8      | 38291 ||| Stepping ~*~*~tactically~*~*~ (stealth).
 38431 | Spider:3 | 38431 ||| FLEEEEING.
 38433 | Spider:3 | 38433 ||| FLEEEEING.
 38435 | Spider:3 | 38435 ||| FLEEEEING.
 38450 | Spider:4 | Entered Level 4 of the Spider Nest
 38455 | Spider:4 | 38455 ||| Stepping ~*~*~tactically~*~*~ (stealth).
 38457 | Spider:4 | Found a transporter.
 38499 | Spider:4 | 38499 ||| Stepping ~*~*~tactically~*~*~ (hiding).
 38507 | Spider:4 | Received a gift from Okawaru
 38520 | Spider:4 | 38520 ||| Stepping ~*~*~tactically~*~*~ (hiding).
 38526 | Spider:4 | 38526 ||| Stepping ~*~*~tactically~*~*~ (hiding).
 38536 | Spider:4 | Reached skill level 20 in Fighting
 38627 | Spider:4 | 38627 ||| Stepping ~*~*~tactically~*~*~ (hiding).
 38654 | Spider:4 | 38654 ||| Stepping ~*~*~tactically~*~*~ (stealth).
 38677 | Spider:4 | 38677 ||| Stepping ~*~*~tactically~*~*~ (stealth).
 38679 | Spider:4 | 38679 ||| INVOKING Heroism.
 38733 | Spider:4 | 38733 ||| Stepping ~*~*~tactically~*~*~ (stealth).
 38778 | Spider:4 | 38778 ||| Stepping ~*~*~tactically~*~*~ (stealth).
 39002 | Spider:4 | Noticed Rod Caur's ghost (adept HOFi)
 39010 | Spider:4 | 39010 ||| Stepping ~*~*~tactically~*~*~ (stealth).
 39012 | Spider:4 | 39012 ||| FLEEEEING.
 39013 | Spider:4 | 39013 ||| FLEEEEING.
 39014 | Spider:4 | 39014 ||| FLEEEEING.
 39015 | Spider:4 | 39015 ||| FLEEEEING.
 39016 | Spider:4 | 39016 ||| FLEEEEING.
 39017 | Spider:4 | 39017 ||| FLEEEEING.
 39018 | Spider:4 | 39018 ||| FLEEEEING.
 39019 | Spider:4 | 39019 ||| STAIRDANCE
 39059 | Spider:4 | 39059 ||| Stepping ~*~*~tactically~*~*~ (hiding).
 39062 | Spider:4 | 39062 ||| INVOKING Heroism.
 39074 | Spider:4 | Received a gift from Okawaru
 39078 | Spider:4 | Reached skill level 6 in Dodging
 39100 | Spider:4 | 39100 ||| INVOKING Heroism.
 39177 | Spider:4 | 39177 ||| Stepping ~*~*~tactically~*~*~ (stealth).
 39189 | Spider:4 | 39189 ||| Stepping ~*~*~tactically~*~*~ (hiding).
 39215 | Spider:4 | 39215 ||| Stepping ~*~*~tactically~*~*~ (stealth).
 39216 | Spider:4 | 39216 ||| Stepping ~*~*~tactically~*~*~ (stealth).
 39227 | Spider:4 | 39227 ||| Stepping ~*~*~tactically~*~*~ (stealth).
 39229 | Spider:4 | 39229 ||| Stepping ~*~*~tactically~*~*~ (stealth).
 39354 | Spider:4 | 39354 ||| DROPPING +2 helmet.
 39371 | Spider:4 | Identified the +1 flail of Ratogg {protect, rC++ Str-3
                  | Dex+8}
 39379 | Spider:4 | 39379 ||| Stepping ~*~*~tactically~*~*~ (stealth).
 39381 | Spider:4 | 39381 ||| INVOKING Heroism.
 39402 | Spider:4 | Received a gift from Okawaru
 39443 | Spider:4 | Got a gossamer rune of Zot
 39545 | Spider:4 | Found a transporter.
 39625 | Spider:4 | 39625 ||| PLANNING DEPTHS
 39625 | Spider:4 | 39625 ||| DROPPING +1 pair of boots.
 39982 | Depths:1 | Entered Level 1 of the Depths
 39995 | Depths:1 | Found a runed translucent door.
 40016 | Depths:1 | Found a white marble altar of Elyvilon.
 40020 | Depths:1 | 40020 ||| INVOKING Heroism.
 40061 | Depths:1 | 40061 ||| INVOKING Heroism.
 40062 | Depths:1 | 40062 ||| INVOKING Finesse.
 40236 | Depths:1 | 40236 ||| INVOKING Heroism.
 40237 | Depths:1 | 40237 ||| INVOKING Finesse.
 40242 | Depths:1 | Received a gift from Okawaru
 40289 | Depths:1 | 40289 ||| Stepping ~*~*~tactically~*~*~ (stealth).
 40291 | Depths:1 | 40291 ||| Stepping ~*~*~tactically~*~*~ (hiding).
 40310 | Depths:1 | Found Vusulof's Jewellery Emporium.
 40310 | Depths:1 | Found Saint's Book Boutique.
 40311 | Depths:1 | 40311 ||| Stepping ~*~*~tactically~*~*~ (hiding).
 40328 | Depths:1 | Noticed Mara
 40329 | Depths:1 | 40329 ||| INVOKING Heroism.
 40330 | Depths:1 | 40330 ||| INVOKING Finesse.
 40335 | Depths:1 | Killed Mara
 40352 | Depths:1 | Received a gift from Okawaru
 40376 | Depths:1 | Found Cauwkom's Jewellery Emporium.
 40382 | Depths:1 | 40382 ||| BUYING ring "Roraahia" {+Blink rC+ Int+2 SInv}
                  | (948 gold).
 40382 | Depths:1 | Bought the ring "Roraahia" {+Blink rC+ Int+2 SInv} for 948
                  | gold pieces
 40386 | Depths:1 | 40386 ||| BUYING ring of protection from fire (525 gold).
 40386 | Depths:1 | Bought a ring of protection from fire for 525 gold pieces
 40415 | Depths:1 | 40415 ||| INVOKING Heroism.
 40422 | Depths:1 | Reached skill level 21 in Fighting
 40424 | Depths:1 | Found a one-way gateway to a ziggurat.
 40434 | Depths:1 | Reached skill level 18 in Shields
 40474 | Depths:1 | 40474 ||| READING scroll of brand weapon.
 40474 | Depths:1 | 40474 ||| BRANDING +9 broad axe of venom.
 40491 | Depths:1 | Found a hazy altar of Hepliaklqana.
 40621 | Depths:1 | Found a gateway to Hell.
 40661 | Depths:1 | Noticed Gucom's ghost (veteran GnFi)
 40722 | Depths:1 | 40722 ||| DROPPING ring of ice.
 40723 | Depths:1 | 40723 ||| DROPPING ring of fire.
 40761 | Depths:2 | 40761 ||| INVOKING Heroism.
 40872 | Depths:2 | 40872 ||| INVOKING Heroism.
 40880 | Depths:2 | Reached XP level 22. HP: 127/155 MP: 27/29
 41052 | Depths:2 | 41052 ||| Stepping ~*~*~tactically~*~*~ (hiding).
 41062 | Depths:2 | 41062 ||| INVOKING Finesse.
 41065 | Depths:2 | 41065 ||| INVOKING Heroism.
 41122 | Depths:2 | Reached skill level 12 in Throwing
 41126 | Depths:2 | 41126 ||| INVOKING Heroism.
 41145 | Depths:2 | 41145 ||| Stepping ~*~*~tactically~*~*~ (hiding).
 41152 | Depths:2 | Noticed a juggernaut
 41153 | Depths:2 | 41153 ||| INVOKING Finesse.
 41158 | Depths:2 | Killed a juggernaut
 41171 | Depths:2 | 41171 ||| Stepping ~*~*~tactically~*~*~ (hiding).
 41178 | Depths:2 | 41178 ||| Stepping ~*~*~tactically~*~*~ (hiding).
 41440 | Depths:2 | Found a one-way gate leading to the halls of Pandemonium.
 41539 | Depths:2 | 41539 ||| INVOKING Heroism.
 41540 | Depths:2 | 41540 ||| INVOKING Finesse.
 41623 | Depths:2 | Found a one-way gate to the infinite horrors of the Abyss.
 41848 | Depths:3 | Received a gift from Okawaru
 41874 | Depths:3 | 41874 ||| Stepping ~*~*~tactically~*~*~ (hiding).
 41878 | Depths:3 | 41878 ||| Stepping ~*~*~tactically~*~*~ (stealth).
 41879 | Depths:3 | 41879 ||| INVOKING Finesse.
 41881 | Depths:3 | 41881 ||| Stepping ~*~*~tactically~*~*~ (hiding).
 41888 | Depths:3 | 41888 ||| INVOKING Heroism.
 41891 | Depths:3 | Noticed a golden dragon
 41892 | Depths:3 | 41892 ||| Stepping ~*~*~tactically~*~*~ (hiding).
 41917 | Depths:3 | Killed a golden dragon
 41923 | Depths:3 | Noticed a juggernaut
 41933 | Depths:3 | Killed a juggernaut
 41938 | Depths:3 | 41938 ||| INVOKING Finesse.
 41960 | Depths:3 | Identified the +0 hand axe of Tenacity {vorpal, Contam
                  | *Noise Dex+7 Stlth+} (Okawaru gifted it to you on level 3
                  | of the Depths)
 41960 | Depths:3 | Received a gift from Okawaru
 41970 | Depths:3 | Reached skill level 22 in Fighting
 41976 | Depths:3 | HP: 2/156 [living spell/crystal spear[a walking crystal
                  | tome] (63)]
 41977 | Depths:3 | 41977 ||| READING 16 scrolls of teleportation.
 41978 | Depths:3 | 41978 ||| DRINKING 5 potions of heal wounds.
 41979 | Depths:3 | 41979 ||| DRINKING 4 potions of heal wounds.
 41980 | Depths:3 | 41980 ||| INVOKING Heroism.
 41985 | Depths:3 | HP: 32/156 [titan (19)]
 41986 | Depths:3 | 41986 ||| READING 15 scrolls of teleportation.
 41987 | Depths:3 | 41987 ||| DRINKING 3 potions of heal wounds.
 42072 | Depths:3 | 42072 ||| Stepping ~*~*~tactically~*~*~ (stealth).
 42073 | Depths:3 | 42073 ||| Stepping ~*~*~tactically~*~*~ (stealth).
 42122 | Depths:3 | 42122 ||| Stepping ~*~*~tactically~*~*~ (stealth).
 42123 | Depths:3 | 42123 ||| Stepping ~*~*~tactically~*~*~ (stealth).
 42124 | Depths:3 | 42124 ||| Stepping ~*~*~tactically~*~*~ (hiding).
 42125 | Depths:3 | 42125 ||| Stepping ~*~*~tactically~*~*~ (hiding).
 42128 | Depths:3 | 42128 ||| INVOKING Heroism.
 42129 | Depths:3 | 42129 ||| Stepping ~*~*~tactically~*~*~ (hiding).
 42130 | Depths:3 | 42130 ||| Stepping ~*~*~tactically~*~*~ (hiding).
 42188 | Depths:3 | 42188 ||| INVOKING Heroism.
 42189 | Depths:3 | 42189 ||| INVOKING Finesse.
 42193 | Depths:3 | 42193 ||| Stepping ~*~*~tactically~*~*~ (hiding).
 42196 | Depths:3 | 42196 ||| Stepping ~*~*~tactically~*~*~ (hiding).
 42240 | Depths:3 | Identified the +5 ring mail of the Skies Above {rPois rC+}
 42243 | Depths:3 | Identified the +7 battleaxe "Nyilat" {freeze, Str+4 Dex+4}
 42254 | Depths:3 | 42254 ||| Stepping ~*~*~tactically~*~*~ (stealth).
 42283 | Depths:3 | 42283 ||| Stepping ~*~*~tactically~*~*~ (stealth).
 42284 | Depths:3 | 42284 ||| Stepping ~*~*~tactically~*~*~ (stealth).
 42287 | Depths:3 | 42287 ||| Stepping ~*~*~tactically~*~*~ (stealth).
 42382 | Depths:3 | 42382 ||| INVOKING Heroism.
 42488 | Depths:3 | 42488 ||| Stepping ~*~*~tactically~*~*~ (stealth).
 42489 | Depths:3 | 42489 ||| Stepping ~*~*~tactically~*~*~ (stealth).
 42559 | Depths:3 | 42559 ||| INVOKING Heroism.
 42560 | Depths:3 | 42560 ||| INVOKING Finesse.
 42647 | Depths:3 | 42647 ||| Stepping ~*~*~tactically~*~*~ (hiding).
 42648 | Depths:3 | 42648 ||| Stepping ~*~*~tactically~*~*~ (stealth).
 42649 | Depths:3 | 42649 ||| INVOKING Heroism.
 42698 | Depths:3 | 42698 ||| INVOKING Finesse.
 42702 | Depths:3 | 42702 ||| INVOKING Heroism.
 42705 | Depths:3 | Received a gift from Okawaru
 42712 | Depths:3 | Reached skill level 21 in Armour
 42793 | Depths:3 | Found a corrupted altar of Lugonu.
 43143 | Depths:4 | Entered Level 4 of the Depths
 43144 | Depths:4 | 43144 ||| PLANNING WIZLAB
 43146 | Depths:4 | 43146 ||| Stepping ~*~*~tactically~*~*~ (hiding).
 43147 | Depths:4 | 43147 ||| Stepping ~*~*~tactically~*~*~ (hiding).
 43151 | Depths:4 | 43151 ||| INVOKING Heroism.
 43182 | Depths:4 | 43182 ||| Stepping ~*~*~tactically~*~*~ (hiding).
 43183 | Depths:4 | 43183 ||| Stepping ~*~*~tactically~*~*~ (hiding).
 43203 | Depths:4 | Reached XP level 23. HP: 137/162 MP: 30/30
 43207 | Depths:4 | 43207 ||| Stepping ~*~*~tactically~*~*~ (hiding).
 43209 | Depths:4 | 43209 ||| Stepping ~*~*~tactically~*~*~ (hiding).
 43211 | Depths:4 | 43211 ||| Stepping ~*~*~tactically~*~*~ (hiding).
 43354 | Depths:4 | Found a shimmering blue altar of Sif Muna.
 43453 | Depths:4 | 43453 ||| Stepping ~*~*~tactically~*~*~ (hiding).
 43573 | Depths:4 | Found a magical portal.
 43574 | Depths:4 | 43574 ||| DROPPING +1 hat.
 43581 | WizLab   | Entered Wucad Mu's Monastery
 43703 | WizLab   | Found the +9 staff of Wucad Mu {*channel}
 43710 | WizLab   | 43710 ||| INVOKING Heroism.
 43754 | WizLab   | 43754 ||| DRINKING potion of experience.
 43754 | WizLab   | Reached XP level 24. HP: 168/168 MP: 30/30
 43886 | Depths:4 | 43886 ||| PLANNING DEPTHS
 43895 | Depths:4 | 43895 ||| Stepping ~*~*~tactically~*~*~ (hiding).
 43896 | Depths:4 | 43896 ||| INVOKING Heroism.
 43897 | Depths:4 | 43897 ||| INVOKING Finesse.
 43956 | Depths:4 | 43956 ||| INVOKING Heroism.
 43964 | Depths:4 | HP: 42/168 [tengu reaver/bolt of acid[Sojobo] (10)]
 43965 | Depths:4 | 43965 ||| READING 15 scrolls of teleportation.
 43965 | Depths:4 | Noticed Sojobo
 43968 | Depths:4 | 43968 ||| DRINKING 2 potions of heal wounds.
 44020 | Depths:4 | 44020 ||| Stepping ~*~*~tactically~*~*~ (stealth).
 44029 | Depths:4 | 44029 ||| INVOKING Heroism.
 44035 | Depths:4 | 44035 ||| INVOKING Finesse.
 44037 | Depths:4 | Paralysed by an air elemental for 1 turns
 44045 | Depths:4 | Paralysed by an air elemental for 1 turns
 44070 | Depths:4 | 44070 ||| INVOKING Heroism.
 44072 | Depths:4 | Killed Sojobo
 44366 | Depths:4 | Found a gate to the Realm of Zot.
 44467 | Depths:4 | 44467 ||| INVOKING Heroism.
 44515 | Depths:4 | Received a gift from Okawaru
 44563 | Depths:4 | 44563 ||| PLANNING VAULTS:5
 44844 | Vaults:5 | Entered Level 5 of the Vaults
 44845 | Vaults:5 | 44845 ||| INVOKING Heroism.
 44846 | Vaults:5 | 44846 ||| STAIRDANCE
 44856 | Vaults:5 | 44856 ||| STAIRDANCE
 44869 | Vaults:5 | 44869 ||| STAIRDANCE
 44884 | Vaults:4 | Received a gift from Okawaru
 44893 | Vaults:5 | 44893 ||| STAIRDANCE
 44895 | Vaults:4 | 44895 ||| INVOKING Heroism.
 44913 | Vaults:5 | 44913 ||| STAIRDANCE
 44936 | Vaults:5 | 44936 ||| STAIRDANCE
 44991 | Vaults:5 | Noticed a dread lich
 44992 | Vaults:5 | 44992 ||| INVOKING Heroism.
 44993 | Vaults:5 | 44993 ||| INVOKING Finesse.
 44995 | Vaults:5 | Paralysed by a dread lich for 4 turns
 45000 | Vaults:5 | 45000 ||| DRINKING 4 potions of resistance.
 45022 | Vaults:5 | Received a gift from Okawaru
 45025 | Vaults:5 | Killed a dread lich
 45026 | Vaults:5 | Reached skill level 23 in Fighting
 45031 | Vaults:5 | 45031 ||| INVOKING Heroism.
 45042 | Vaults:5 | 45042 ||| FLEEEEING.
 45043 | Vaults:5 | 45043 ||| FLEEEEING.
 45044 | Vaults:5 | 45044 ||| STAIRDANCE
 45096 | Vaults:5 | 45096 ||| STAIRDANCE
 45105 | Vaults:5 | 45105 ||| INVOKING Heroism.
 45106 | Vaults:5 | 45106 ||| STAIRDANCE
 45123 | Vaults:5 | 45123 ||| STAIRDANCE
 45132 | Vaults:5 | 45132 ||| STAIRDANCE
 45164 | Vaults:5 | 45164 ||| INVOKING Heroism.
 45173 | Vaults:5 | Noticed a dread lich
 45174 | Vaults:5 | 45174 ||| INVOKING Finesse.
 45180 | Vaults:5 | Received a gift from Okawaru
 45209 | Vaults:5 | Received a gift from Okawaru
 45210 | Vaults:5 | Killed a dread lich
 45216 | Vaults:5 | Identified the +11 whip "Ymuycrut" {venom, Str+4}
 45226 | Vaults:5 | Received a gift from Okawaru
 45228 | Vaults:5 | Gained mutation: You are clumsy. (Dex -2) [a shining eye]
 45246 | Vaults:5 | 45246 ||| INVOKING Heroism.
 45262 | Vaults:5 | 45262 ||| STAIRDANCE
 45322 | Vaults:5 | 45322 ||| STAIRDANCE
 45334 | Vaults:5 | 45334 ||| INVOKING Heroism.
 45349 | Vaults:5 | Reached XP level 25. HP: 152/176 MP: 30/30
 45359 | Vaults:5 | 45359 ||| Stepping ~*~*~tactically~*~*~ (hiding).
 45390 | Vaults:5 | 45390 ||| DROPPING +3 broad axe of electrocution.
 45393 | Vaults:5 | 45393 ||| READING scroll of brand weapon.
 45393 | Vaults:5 | 45393 ||| BRANDING +9 vorpal broad axe.
 45523 | Vaults:5 | Identified the +0 scale mail of Resilience {rCorr}
 45558 | Vaults:5 | Identified the +4 long sword of Growth {elec, Dex+3 SInv}
 45598 | Vaults:5 | 45598 ||| Stepping ~*~*~tactically~*~*~ (stealth).
 45744 | Vaults:5 | 45744 ||| Stepping ~*~*~tactically~*~*~ (hiding).
 45748 | Vaults:5 | 45748 ||| INVOKING Heroism.
 45758 | Vaults:5 | 45758 ||| Stepping ~*~*~tactically~*~*~ (hiding).
 45871 | Vaults:5 | Identified the +3 great sword of True Grit {antimagic,
                  | rPois Dex+2}
 45874 | Vaults:5 | Got a silver rune of Zot
 45933 | Vaults:5 | Identified the +1 leather armour of Soyt Aca {rCorr MP+9}
 46297 | Vaults:5 | 46297 ||| PLANNING SHOPPING SPREE
 46319 | Vaults:5 | Identified the +7 long sword "Qeodox" {chaos, *Noise rPois
                  | Str+7}
 46891 | Shoals:2 | 46891 ||| BUYING wand of digging (11) (693 gold).
 46891 | Shoals:2 | Bought a wand of digging (11) for 693 gold pieces
 46891 | Shoals:2 | 46891 ||| PLANNING ZOT:1-4
 47296 | Zot:1    | Entered Level 1 of the Realm of Zot
 47309 | Zot:1    | Reached skill level 24 in Fighting
 47408 | Zot:1    | 47408 ||| Stepping ~*~*~tactically~*~*~ (stealth).
 47414 | Zot:1    | 47414 ||| Stepping ~*~*~tactically~*~*~ (stealth).
 47425 | Zot:1    | 47425 ||| INVOKING Heroism.
 47433 | Zot:1    | Received a gift from Okawaru
 47548 | Zot:1    | 47548 ||| Stepping ~*~*~tactically~*~*~ (hiding).
 47552 | Zot:1    | 47552 ||| INVOKING Heroism.
 47565 | Zot:1    | Found a transporter.
 47589 | Zot:1    | Found a transporter.
 47615 | Zot:1    | 47615 ||| INVOKING Heroism.
 47662 | Zot:1    | 47662 ||| Stepping ~*~*~tactically~*~*~ (stealth).
 47664 | Zot:1    | 47664 ||| Stepping ~*~*~tactically~*~*~ (stealth).
 47666 | Zot:1    | 47666 ||| Stepping ~*~*~tactically~*~*~ (stealth).
 47760 | Zot:1    | 47760 ||| Stepping ~*~*~tactically~*~*~ (stealth).
 47771 | Zot:1    | 47771 ||| Stepping ~*~*~tactically~*~*~ (stealth).
 47773 | Zot:1    | 47773 ||| Stepping ~*~*~tactically~*~*~ (hiding).
 47778 | Zot:1    | 47778 ||| Stepping ~*~*~tactically~*~*~ (hiding).
 47779 | Zot:1    | 47779 ||| Stepping ~*~*~tactically~*~*~ (hiding).
 47780 | Zot:1    | 47780 ||| Stepping ~*~*~tactically~*~*~ (hiding).
 47781 | Zot:1    | 47781 ||| Stepping ~*~*~tactically~*~*~ (hiding).
 47782 | Zot:1    | 47782 ||| Stepping ~*~*~tactically~*~*~ (hiding).
 47866 | Zot:1    | 47866 ||| Stepping ~*~*~tactically~*~*~ (hiding).
 47869 | Zot:1    | 47869 ||| Stepping ~*~*~tactically~*~*~ (stealth).
 47875 | Zot:1    | 47875 ||| INVOKING Heroism.
 47915 | Zot:1    | Found a runed translucent door.
 47917 | Zot:1    | Found a shimmering altar of Xom.
 47917 | Zot:1    | Noticed qw's ghost (veteran GrFi)
 47962 | Zot:1    | 47962 ||| INVOKING Heroism.
 47972 | Zot:1    | Received a gift from Okawaru
 47998 | Zot:1    | Received a gift from Okawaru
 48062 | Zot:1    | Identified the ring of Archol {Ice Fly Will+ Int-4 SInv}
 48062 | Zot:1    | Noticed Josephina
 48063 | Zot:1    | 48063 ||| Stepping ~*~*~tactically~*~*~ (stealth).
 48064 | Zot:1    | 48064 ||| Stepping ~*~*~tactically~*~*~ (stealth).
 48074 | Zot:1    | 48074 ||| Stepping ~*~*~tactically~*~*~ (hiding).
 48080 | Zot:1    | 48080 ||| INVOKING Heroism.
 48097 | Zot:1    | Killed Josephina
 48288 | Zot:1    | Identified the +10 whip of the Ghost {protect, Int+2}
 48491 | Zot:1    | Found a transporter.
 48509 | Zot:1    | Found a transporter.
 48509 | Zot:1    | Noticed an orb of fire
 48509 | Zot:1    | Gained mutation: You sometimes lose your temper in combat.
                  | [an orb of fire]
 48510 | Zot:1    | 48510 ||| Stepping ~*~*~tactically~*~*~ (hiding).
 48511 | Zot:1    | 48511 ||| Stepping ~*~*~tactically~*~*~ (hiding).
 48514 | Zot:1    | 48514 ||| DRINKING 3 potions of resistance.
 48515 | Zot:1    | 48515 ||| INVOKING Heroism.
 48516 | Zot:1    | 48516 ||| INVOKING Finesse.
 48524 | Zot:1    | Gained mutation: You are weak. (Str -2) [an orb of fire]
 48525 | Zot:1    | Killed an orb of fire
 48574 | Zot:1    | 48574 ||| DRINKING 19 potions of mutation.
 48574 | Zot:1    | Lost mutation: You are clumsy. (Dex -2) [potion of
                  | mutation]
 48574 | Zot:1    | Lost mutation: You are weak. (Str -2) [potion of mutation]
 48574 | Zot:1    | Lost mutation: You sometimes lose your temper in combat.
                  | [potion of mutation]
 48574 | Zot:1    | Gained mutation: You have a pair of small horns on your
                  | head. [potion of mutation]
 48574 | Zot:1    | Gained mutation: You are partially covered in iridescent
                  | scales. (AC +2) [potion of mutation]
 48609 | Zot:1    | 48609 ||| DROPPING +2 pair of boots.
 48610 | Zot:1    | 48610 ||| UPGRADING to ring "Xudi" {*Slow Fly rF+++ rCorr}.
 48632 | Zot:2    | 48632 ||| INVOKING Heroism.
 48642 | Zot:2    | Received a gift from Okawaru
 48653 | Zot:2    | 48653 ||| DROPPING +4 broad axe of electrocution.
 48674 | Zot:2    | 48674 ||| Stepping ~*~*~tactically~*~*~ (stealth).
 48677 | Zot:2    | 48677 ||| INVOKING Heroism.
 48724 | Zot:2    | Found a huge runed gate.
 48724 | Zot:2    | Found a huge runed gate.
 48724 | Zot:2    | Found a huge runed gate.
 48724 | Zot:2    | Found a huge runed gate.
 48724 | Zot:2    | Found a huge runed gate.
 48724 | Zot:2    | Found a huge runed gate.
 48726 | Zot:2    | Found a huge runed gate.
 48727 | Zot:2    | Found a huge runed gate.
 48727 | Zot:2    | Found a huge runed gate.
 48731 | Zot:2    | Found a huge runed gate.
 48731 | Zot:2    | Found a huge runed gate.
 48731 | Zot:2    | Found a huge runed gate.
 48731 | Zot:2    | Found a huge runed gate.
 48731 | Zot:2    | Found a huge runed gate.
 48732 | Zot:2    | Found a huge runed gate.
 48733 | Zot:2    | Found a huge runed gate.
 48734 | Zot:2    | Found a huge runed gate.
 48735 | Zot:2    | Found a huge runed gate.
 48759 | Zot:2    | Found a huge runed gate.
 48759 | Zot:2    | Found a huge runed gate.
 48759 | Zot:2    | Found a huge runed gate.
 48759 | Zot:2    | Found a huge runed gate.
 48759 | Zot:2    | Found a huge runed gate.
 48759 | Zot:2    | Found a huge runed gate.
 48760 | Zot:2    | Found a huge runed gate.
 48761 | Zot:2    | Found a huge runed gate.
 48762 | Zot:2    | Found a huge runed gate.
 48771 | Zot:2    | Found a huge runed gate.
 48771 | Zot:2    | Found a huge runed gate.
 48771 | Zot:2    | Found a huge runed gate.
 48771 | Zot:2    | Found a huge runed gate.
 48771 | Zot:2    | Found a huge runed gate.
 48771 | Zot:2    | Found a huge runed gate.
 48776 | Zot:2    | Found a huge runed gate.
 48778 | Zot:2    | Found a huge runed gate.
 48779 | Zot:2    | Found a huge runed gate.
 48782 | Zot:2    | 48782 ||| INVOKING Heroism.
 48815 | Zot:2    | Reached skill level 25 in Fighting
 48828 | Zot:2    | Identified the +0 helmet of Undesirable Species {rPois}
 48837 | Zot:2    | 48837 ||| Stepping ~*~*~tactically~*~*~ (stealth).
 48840 | Zot:2    | 48840 ||| INVOKING Heroism.
 48877 | Zot:2    | Noticed an orb of fire
 48878 | Zot:2    | 48878 ||| INVOKING Finesse.
 48878 | Zot:2    | Gained mutation: Armour fits poorly on your strangely
                  | shaped body. [an orb of fire]
 48899 | Zot:2    | Killed an orb of fire
 48900 | Zot:2    | 48900 ||| DRINKING 18 potions of mutation.
 48900 | Zot:2    | Lost mutation: You are partially covered in iridescent
                  | scales. (AC +2) [potion of mutation]
 48900 | Zot:2    | Lost mutation: You are partially covered in large bone
                  | plates. (SH +4) [potion of mutation]
 48900 | Zot:2    | Gained mutation: You are strong-willed. (Will+) [potion of
                  | mutation]
 48900 | Zot:2    | Gained mutation: You are partially covered in iridescent
                  | scales. (AC +2) [potion of mutation]
 48900 | Zot:2    | Gained mutation: You are weak. (Str -2) [potion of
                  | mutation]
 48901 | Zot:2    | 48901 ||| DRINKING 17 potions of mutation.
 48901 | Zot:2    | Lost mutation: You are strong-willed. (Will+) [potion of
                  | mutation]
 48901 | Zot:2    | Lost mutation: You are weak. (Str -2) [potion of mutation]
 48901 | Zot:2    | Lost mutation: Armour fits poorly on your strangely shaped
                  | body. [potion of mutation]
 48901 | Zot:2    | Gained mutation: Your movements are slightly less
                  | encumbered by armour. (ER -2) [potion of mutation]
 49101 | Zot:3    | Noticed an orb of fire
 49102 | Zot:3    | 49102 ||| INVOKING Heroism.
 49102 | Zot:3    | Gained mutation: Your body sometimes deteriorates upon
                  | taking damage. [an orb of fire]
 49103 | Zot:3    | 49103 ||| INVOKING Finesse.
 49111 | Zot:3    | Killed an orb of fire
 49150 | Zot:3    | Identified the ring of Xytteb {rElec rPois Int+6 Dex-2}
 49154 | Zot:3    | Gained mutation: You passively dampen the noise of your
                  | surroundings. [mutagenic glow]
 49169 | Zot:3    | Gained mutation: You are vulnerable to cold. (rC-)
                  | [mutagenic glow]
 49189 | Zot:3    | Gained mutation: You are dopey. (Int -2) [mutagenic glow]
 49277 | Zot:3    | Found a broken altar of Ashenzari.
 49314 | Zot:3    | 49314 ||| Stepping ~*~*~tactically~*~*~ (hiding).
 49317 | Zot:3    | 49317 ||| Stepping ~*~*~tactically~*~*~ (hiding).
 49335 | Zot:3    | Noticed an orb of fire
 49335 | Zot:3    | 49335 ||| INVOKING Heroism.
 49336 | Zot:3    | 49336 ||| INVOKING Finesse.
 49348 | Zot:3    | Gained mutation: Your spells are a little easier to cast,
                  | but a little less powerful. [an orb of fire]
 49352 | Zot:3    | Killed an orb of fire
 49352 | Zot:3    | Received a gift from Okawaru
 49405 | Zot:3    | 49405 ||| DROPPING ring of Xytteb {rElec rPois Int+6
                  | Dex-2}.
 49406 | Zot:3    | 49406 ||| READING 20 scrolls of teleportation.
 49486 | Zot:3    | Noticed a Killer Klown
 49489 | Zot:3    | Noticed a Killer Klown
 49490 | Zot:3    | 49490 ||| READING 19 scrolls of teleportation.
 49513 | Zot:3    | 49513 ||| READING 18 scrolls of teleportation.
 49549 | Zot:3    | 49549 ||| INVOKING Heroism.
 49616 | Zot:3    | Received a gift from Okawaru
 49659 | Zot:3    | 49659 ||| Stepping ~*~*~tactically~*~*~ (stealth).
 49669 | Zot:3    | Noticed a Killer Klown
 49670 | Zot:3    | 49670 ||| READING 17 scrolls of teleportation.
 49703 | Zot:3    | Found the +4 dragonskin cloak
 49703 | Zot:3    | Noticed Tiamat
 49704 | Zot:3    | 49704 ||| INVOKING Heroism.
 49705 | Zot:3    | 49705 ||| INVOKING Finesse.
 49730 | Zot:3    | Reached skill level 15 in Throwing
 49742 | Zot:3    | Reached XP level 26. HP: 186/188 MP: 26/30
 49744 | Zot:3    | Killed a Killer Klown
 49760 | Zot:3    | 49760 ||| INVOKING Finesse.
 49782 | Zot:3    | Killed a Killer Klown
 49803 | Zot:3    | 49803 ||| INVOKING Heroism.
 49823 | Zot:3    | Killed Tiamat
 49873 | Zot:3    | 49873 ||| UPGRADING to +4 dragonskin cloak.
 49893 | Zot:3    | 49893 ||| Stepping ~*~*~tactically~*~*~ (hiding).
 49898 | Zot:3    | Noticed an ancient lich
 49911 | Zot:3    | 49911 ||| INVOKING Heroism.
 49928 | Zot:3    | Killed an ancient lich
 49938 | Zot:3    | Killed a Killer Klown
 49956 | Zot:3    | 49956 ||| DROPPING +2 cloak.
 49970 | Zot:3    | Noticed a Killer Klown
 49971 | Zot:3    | 49971 ||| READING 16 scrolls of teleportation.
 49979 | Zot:3    | 49979 ||| INVOKING Heroism.
 50014 | Zot:3    | 50014 ||| Stepping ~*~*~tactically~*~*~ (hiding).
 50016 | Zot:3    | 50016 ||| Stepping ~*~*~tactically~*~*~ (hiding).
 50027 | Zot:3    | Killed a Killer Klown
 50028 | Zot:3    | Reached skill level 26 in Fighting
 50069 | Zot:3    | 50069 ||| Stepping ~*~*~tactically~*~*~ (hiding).
 50075 | Zot:3    | 50075 ||| INVOKING Heroism.
 50233 | Zot:3    | Noticed a Killer Klown
 50234 | Zot:3    | 50234 ||| INVOKING Heroism.
 50242 | Zot:3    | Killed a Killer Klown
 50419 | Zot:4    | 50419 ||| SWAPPING to +0 vampiric broad axe.
 50420 | Zot:4    | 50420 ||| READING 3 scrolls of enchant weapon.
 50420 | Zot:4    | 50420 ||| ENCHANTING +0 vampiric broad axe.
 50421 | Zot:4    | 50421 ||| READING 2 scrolls of enchant weapon.
 50421 | Zot:4    | 50421 ||| ENCHANTING +1 vampiric broad axe.
 50422 | Zot:4    | 50422 ||| READING scroll of enchant weapon.
 50422 | Zot:4    | 50422 ||| ENCHANTING +2 vampiric broad axe.
 50448 | Zot:4    | 50448 ||| INVOKING Heroism.
 50469 | Zot:4    | 50469 ||| INVOKING Heroism.
 50587 | Zot:4    | Reached skill level 9 in Dodging
 50614 | Zot:4    | 50614 ||| INVOKING Heroism.
 50839 | Zot:4    | 50839 ||| INVOKING Heroism.
 50915 | Zot:4    | Gained mutation: Your flesh is heat resistant. (rF+)
                  | [mutagenic glow]
 50929 | Zot:4    | Gained mutation: Your spells are easier to cast, but less
                  | powerful. [mutagenic glow]
 50944 | Zot:4    | 50944 ||| INVOKING Heroism.
 50950 | Zot:4    | Received a gift from Okawaru
 50973 | Zot:4    | Gained mutation: You are very dopey. (Int -4) [mutagenic
                  | glow]
 51153 | Zot:4    | 51153 ||| INVOKING Heroism.
 51172 | Zot:4    | 51172 ||| INVOKING Heroism.
 51252 | Zot:4    | 51252 ||| PLANNING THE SHINING ONE WORSHIP
 51252 | Zot:4    | 51252 ||| UPGRADING to +4 ring of protection.
 51715 | Temple   | Fell from the grace of Okawaru
 51715 | Temple   | Became a worshipper of the Shining One
 51716 | Temple   | 51716 ||| PLANNING CRYPT
 51716 | Temple   | 51716 ||| SWAPPING to +9 broad axe of protection.
 51717 | Temple   | 51717 ||| DROPPING +3 vampiric broad axe.
 51992 | Crypt:1  | Entered Level 1 of the Crypt
 52024 | Crypt:1  | Reached * piety under the Shining One
 52115 | Crypt:1  | 52115 ||| Stepping ~*~*~tactically~*~*~ (hiding).
 52121 | Crypt:1  | Reached ** piety under the Shining One
 52126 | Crypt:1  | Noticed Margery
 52127 | Crypt:1  | 52127 ||| DRINKING 3 potions of resistance.
 52133 | Crypt:1  | Killed Margery
 52436 | Crypt:1  | Noticed Khufu
 52436 | Crypt:1  | Reached *** piety under the Shining One
 52442 | Crypt:1  | 52442 ||| INVOKING Cleansing Flame.
 52449 | Crypt:1  | Killed Khufu
 52450 | Crypt:1  | Reached skill level 12 in Invocations
 52591 | Crypt:1  | 52591 ||| Stepping ~*~*~tactically~*~*~ (hiding).
 52867 | Crypt:1  | 52867 ||| UPGRADING to +13 plate armour of the Elephant
                  | {*Corrode rElec rPois rC+}.
 52951 | Crypt:2  | Reached **** piety under the Shining One
 53060 | Crypt:2  | 53060 ||| Stepping ~*~*~tactically~*~*~ (stealth).
 53110 | Crypt:2  | 53110 ||| Stepping ~*~*~tactically~*~*~ (stealth).
 53122 | Crypt:2  | Reached ***** piety under the Shining One
 53130 | Crypt:2  | 53130 ||| Stepping ~*~*~tactically~*~*~ (stealth).
 53132 | Crypt:2  | 53132 ||| Stepping ~*~*~tactically~*~*~ (hiding).
 53184 | Crypt:2  | 53184 ||| READING scroll of brand weapon.
 53184 | Crypt:2  | 53184 ||| BRANDING +9 broad axe of protection.
 53192 | Crypt:2  | Reached XP level 27. HP: 197/197 MP: 33/33
 53585 | Crypt:2  | Reached ****** piety under the Shining One
 53586 | Crypt:2  | 53586 ||| INVOKING Brand Weapon With Holy Wrath.
 53586 | Crypt:2  | Identified a +9 broad axe of holy wrath (a +9 broad axe of
                  | freezing blessed by the Shining One)
 53586 | Crypt:2  | Received a gift from the Shining One
 53719 | Crypt:2  | 53719 ||| Stepping ~*~*~tactically~*~*~ (hiding).
 53742 | Crypt:2  | Found a basalt altar of Yredelemnul.
 53800 | Crypt:2  | Identified the ring "Sohammal" {rF+ rN+ Str+2 Int+4}
 53824 | Crypt:2  | 53824 ||| DROPPING +0 hat of Makhleb's Generosity {-Tele
                  | rN+++ Str+7}.
 53825 | Crypt:2  | 53825 ||| DROPPING ring of protection from fire.
 53866 | Crypt:3  | Entered Level 3 of the Crypt
 53961 | Crypt:3  | Reached skill level 15 in Invocations
 54147 | Crypt:3  | Found a staircase to the Tomb.
 54149 | Crypt:3  | 54149 ||| INVOKING Cleansing Flame.
 54150 | Crypt:3  | 54150 ||| INVOKING Cleansing Flame.
 54252 | Crypt:3  | 54252 ||| Stepping ~*~*~tactically~*~*~ (hiding).
 54261 | Crypt:3  | 54261 ||| Stepping ~*~*~tactically~*~*~ (stealth).
 54263 | Crypt:3  | 54263 ||| Stepping ~*~*~tactically~*~*~ (hiding).
 54478 | Crypt:3  | Noticed a dread lich
 54479 | Crypt:3  | 54479 ||| INVOKING Summon Divine Warrior.
 54480 | Crypt:3  | 54480 ||| INVOKING Cleansing Flame.
 54481 | Crypt:3  | 54481 ||| INVOKING Cleansing Flame.
 54485 | Crypt:3  | 54485 ||| INVOKING Cleansing Flame.
 54487 | Crypt:3  | Killed a dread lich
 54553 | Crypt:3  | Identified the ring of Descent {rElec rPois rC+ rN+ Dex-3}
 54557 | Crypt:3  | Identified the amulet "Cuahuolae" {Acrobat Drain rPois
                  | Dex+6}
 54565 | Crypt:3  | Identified the amulet "Avveecah" {Harm rElec rN++ Regen+
                  | Int-2}
 54565 | Crypt:3  | Identified the ring "Cedgh" {rF- rC+ rN+ rCorr Dex+3}
 54640 | Crypt:3  | Found an ancient bone altar of Kikubaaqudgha.
 54840 | Crypt:3  | 54840 ||| Stepping ~*~*~tactically~*~*~ (hiding).
 54841 | Crypt:3  | 54841 ||| Stepping ~*~*~tactically~*~*~ (hiding).
 54845 | Crypt:3  | Was forgiven by Okawaru
 54915 | Crypt:3  | 54915 ||| Stepping ~*~*~tactically~*~*~ (stealth).
 54916 | Crypt:3  | 54916 ||| Stepping ~*~*~tactically~*~*~ (stealth).
 55031 | Crypt:3  | 55031 ||| INVOKING Summon Divine Warrior.
 55486 | Crypt:3  | 55486 ||| PLANNING TOMB
 55486 | Crypt:3  | 55486 ||| UPGRADING to amulet "Cuahuolae" {Acrobat Drain
                  | rPois Dex+6}.
 55496 | Crypt:3  | 55496 ||| DROPPING amulet "Avveecah" {Harm rElec rN++
                  | Regen+ Int-2}.
 55497 | Crypt:3  | 55497 ||| DROPPING ring of Descent {rElec rPois rC+ rN+
                  | Dex-3}.
 55498 | Crypt:3  | 55498 ||| DROPPING +4 ring of evasion.
 55538 | Tomb:1   | Entered Level 1 of the Tomb of the Ancients
 55716 | Tomb:1   | 55716 ||| Stepping ~*~*~tactically~*~*~ (hiding).
 55924 | Tomb:1   | Reached skill level 18 in Invocations
 56039 | Tomb:1   | 56039 ||| INVOKING Summon Divine Warrior.
 56042 | Tomb:1   | 56042 ||| INVOKING Cleansing Flame.
 56067 | Tomb:1   | 56067 ||| INVOKING Cleansing Flame.
 56089 | Tomb:1   | Identified the +4 sling of the Dungeon {vorpal, rPois}
 56101 | Tomb:1   | 56101 ||| INVOKING Cleansing Flame.
 56233 | Tomb:1   | 56233 ||| INVOKING Cleansing Flame.
 56234 | Tomb:1   | 56234 ||| Stepping ~*~*~tactically~*~*~ (stealth).
 56236 | Tomb:1   | 56236 ||| INVOKING Cleansing Flame.
 56237 | Tomb:1   | 56237 ||| INVOKING Summon Divine Warrior.
 56308 | Tomb:1   | 56308 ||| INVOKING Cleansing Flame.
 56309 | Tomb:1   | 56309 ||| INVOKING Cleansing Flame.
 56566 | Tomb:1   | 56566 ||| INVOKING Cleansing Flame.
 56743 | Tomb:2   | 56743 ||| DRINKING 11 potions of haste.
 56744 | Tomb:2   | 56744 ||| DRINKING 7 potions of attraction.
 56746 | Tomb:2   | 56746 ||| INVOKING Cleansing Flame.
 56749 | Tomb:2   | Noticed a royal mummy
 56749 | Tomb:2   | 56749 ||| INVOKING Summon Divine Warrior.
 56749 | Tomb:2   | Noticed a royal mummy
 56749 | Tomb:2   | Noticed a royal mummy
 56750 | Tomb:2   | Noticed a royal mummy
 56751 | Tomb:2   | 56751 ||| INVOKING Cleansing Flame.
 56752 | Tomb:2   | 56752 ||| INVOKING Cleansing Flame.
 56753 | Tomb:2   | Killed a royal mummy
 56755 | Tomb:2   | 56755 ||| INVOKING Cleansing Flame.
 56757 | Tomb:2   | Killed a royal mummy
 56757 | Tomb:2   | Killed a royal mummy
 56760 | Tomb:2   | Killed a royal mummy
 56978 | Tomb:2   | 56978 ||| INVOKING Cleansing Flame.
 56979 | Tomb:2   | 56979 ||| INVOKING Cleansing Flame.
 56981 | Tomb:2   | Gained mutation: You sometimes lose your temper in combat.
                  | [mutagenic glow]
 56986 | Tomb:2   | 56986 ||| DRINKING 16 potions of mutation.
 56986 | Tomb:2   | Lost mutation: You sometimes lose your temper in combat.
                  | [potion of mutation]
 56986 | Tomb:2   | Lost mutation: You are very dopey. (Int -4) [potion of
                  | mutation]
 56986 | Tomb:2   | Lost mutation: Your movements are slightly less encumbered
                  | by armour. (ER -2) [potion of mutation]
 56986 | Tomb:2   | Lost mutation: Your flesh is heat resistant. (rF+) [potion
                  | of mutation]
 56993 | Tomb:2   | 56993 ||| INVOKING Cleansing Flame.
 57000 | Tomb:2   | Gained mutation: You sometimes lose your temper in combat.
                  | [mutagenic glow]
 57006 | Tomb:2   | 57006 ||| DRINKING 15 potions of mutation.
 57006 | Tomb:2   | Lost mutation: You are dopey. (Int -2) [potion of mutation]
 57006 | Tomb:2   | Lost mutation: You are partially covered in iridescent
                  | scales. (AC +2) [potion of mutation]
 57006 | Tomb:2   | Lost mutation: You sometimes lose your temper in combat.
                  | [potion of mutation]
 57006 | Tomb:2   | Gained mutation: Your mind is acute. (Int +4, Str/Dex -1)
                  | [potion of mutation]
 57006 | Tomb:2   | Lost mutation: Your mind is acute. (Int +4, Str/Dex -1)
                  | [potion of mutation]
 57006 | Tomb:2   | Gained mutation: You are strong-willed. (Will+) [potion of
                  | mutation]
 57039 | Tomb:2   | Gained mutation: You occasionally lose the ability to drink
                  | potions when taking damage. [mutagenic glow]
 57054 | Tomb:2   | Gained mutation: You are weak. (Str -2) [mutagenic glow]
 57063 | Tomb:2   | Gained mutation: You do not regenerate when monsters are
                  | visible. [mutagenic glow]
 57175 | Tomb:2   | 57175 ||| DRINKING 14 potions of mutation.
 57175 | Tomb:2   | Lost mutation: Your spells are easier to cast, but less
                  | powerful. [potion of mutation]
 57175 | Tomb:2   | Lost mutation: You are weak. (Str -2) [potion of mutation]
 57175 | Tomb:2   | Lost mutation: You occasionally lose the ability to drink
                  | potions when taking damage. [potion of mutation]
 57175 | Tomb:2   | Gained mutation: You are somewhat resistant to further
                  | mutation. [potion of mutation]
 57176 | Tomb:2   | 57176 ||| DRINKING 13 potions of mutation.
 57176 | Tomb:2   | Lost mutation: You have a pair of small horns on your head.
                  | [potion of mutation]
 57176 | Tomb:2   | Lost mutation: Your spells are a little easier to cast, but
                  | a little less powerful. [potion of mutation]
 57177 | Tomb:2   | 57177 ||| DRINKING 12 potions of mutation.
 57177 | Tomb:2   | Lost mutation: Your body sometimes deteriorates upon taking
                  | damage. [potion of mutation]
 57177 | Tomb:2   | Lost mutation: You are vulnerable to cold. (rC-) [potion of
                  | mutation]
 57178 | Tomb:2   | 57178 ||| DRINKING 11 potions of mutation.
 57178 | Tomb:2   | Lost mutation: You are somewhat resistant to further
                  | mutation. [potion of mutation]
 57178 | Tomb:2   | Lost mutation: You are strong-willed. (Will+) [potion of
                  | mutation]
 57178 | Tomb:2   | Lost mutation: You do not regenerate when monsters are
                  | visible. [potion of mutation]
 57178 | Tomb:2   | Gained mutation: You sometimes lose your temper in combat.
                  | [potion of mutation]
 57178 | Tomb:2   | Gained mutation: You are occasionally teleported next to
                  | monsters. [potion of mutation]
 57178 | Tomb:2   | Gained mutation: You are partially covered in iridescent
                  | scales. (AC +2) [potion of mutation]
 57179 | Tomb:2   | 57179 ||| DRINKING 10 potions of mutation.
 57179 | Tomb:2   | Lost mutation: You are partially covered in iridescent
                  | scales. (AC +2) [potion of mutation]
 57179 | Tomb:2   | Lost mutation: You sometimes lose your temper in combat.
                  | [potion of mutation]
 57179 | Tomb:2   | Lost mutation: You passively dampen the noise of your
                  | surroundings. [potion of mutation]
 57179 | Tomb:2   | Gained mutation: You have a pair of small antennae on your
                  | head. [potion of mutation]
 57180 | Tomb:2   | 57180 ||| DRINKING 9 potions of mutation.
 57180 | Tomb:2   | Lost mutation: You have a pair of small antennae on your
                  | head. [potion of mutation]
 57180 | Tomb:2   | Lost mutation: You are occasionally teleported next to
                  | monsters. [potion of mutation]
 57180 | Tomb:2   | Gained mutation: You have a somewhat thin skeletal
                  | structure. (Dex +2, Stealth+) [potion of mutation]
 57180 | Tomb:2   | Gained mutation: You are somewhat resistant to further
                  | mutation. [potion of mutation]
 57221 | Tomb:2   | 57221 ||| INVOKING Cleansing Flame.
 57382 | Tomb:1   | Noticed a royal mummy
 57382 | Tomb:1   | Noticed a royal mummy
 57383 | Tomb:1   | 57383 ||| INVOKING Summon Divine Warrior.
 57389 | Tomb:1   | 57389 ||| INVOKING Cleansing Flame.
 57390 | Tomb:1   | 57390 ||| INVOKING Cleansing Flame.
 57391 | Tomb:1   | 57391 ||| INVOKING Cleansing Flame.
 57391 | Tomb:1   | Killed a royal mummy
 57392 | Tomb:1   | 57392 ||| INVOKING Cleansing Flame.
 57392 | Tomb:1   | Noticed a royal mummy
 57394 | Tomb:1   | Killed a royal mummy
 57394 | Tomb:1   | Noticed a royal mummy
 57396 | Tomb:1   | 57396 ||| INVOKING Summon Divine Warrior.
 57398 | Tomb:1   | 57398 ||| INVOKING Cleansing Flame.
 57399 | Tomb:1   | Killed a royal mummy
 57401 | Tomb:1   | 57401 ||| INVOKING Cleansing Flame.
 57401 | Tomb:1   | Killed a royal mummy
 57408 | Tomb:1   | Noticed a royal mummy
 57411 | Tomb:1   | Noticed a royal mummy
 57412 | Tomb:1   | 57412 ||| INVOKING Cleansing Flame.
 57413 | Tomb:1   | 57413 ||| INVOKING Cleansing Flame.
 57414 | Tomb:1   | Killed a royal mummy
 57415 | Tomb:1   | Reached skill level 21 in Invocations
 57415 | Tomb:1   | 57415 ||| DRINKING 7 potions of magic.
 57416 | Tomb:1   | 57416 ||| INVOKING Cleansing Flame.
 57416 | Tomb:1   | Killed a royal mummy
 57514 | Tomb:1   | Noticed a royal mummy
 57517 | Tomb:1   | Noticed a royal mummy
 57519 | Tomb:1   | Killed a royal mummy
 57526 | Tomb:1   | Killed a royal mummy
 57658 | Tomb:1   | Noticed a royal mummy
 57658 | Tomb:1   | Noticed a royal mummy
 57661 | Tomb:1   | 57661 ||| INVOKING Cleansing Flame.
 57662 | Tomb:1   | 57662 ||| INVOKING Cleansing Flame.
 57663 | Tomb:1   | 57663 ||| INVOKING Cleansing Flame.
 57663 | Tomb:1   | Killed a royal mummy
 57663 | Tomb:1   | Killed a royal mummy
 57733 | Tomb:1   | Noticed a royal mummy
 57736 | Tomb:1   | 57736 ||| INVOKING Cleansing Flame.
 57737 | Tomb:1   | 57737 ||| INVOKING Cleansing Flame.
 57738 | Tomb:1   | 57738 ||| INVOKING Cleansing Flame.
 57738 | Tomb:1   | Killed a royal mummy
 57813 | Tomb:1   | Noticed a royal mummy
 57814 | Tomb:1   | 57814 ||| INVOKING Summon Divine Warrior.
 57817 | Tomb:1   | 57817 ||| INVOKING Cleansing Flame.
 57818 | Tomb:1   | 57818 ||| INVOKING Cleansing Flame.
 57819 | Tomb:1   | 57819 ||| INVOKING Cleansing Flame.
 57819 | Tomb:1   | Killed a royal mummy
 57821 | Tomb:1   | Noticed a royal mummy
 57823 | Tomb:1   | Noticed a royal mummy
 57826 | Tomb:1   | 57826 ||| INVOKING Cleansing Flame.
 57830 | Tomb:1   | Killed a royal mummy
 57833 | Tomb:1   | Killed a royal mummy
 58029 | Tomb:1   | 58029 ||| UPGRADING to ring "Sohammal" {rF+ rN+ Str+2
                  | Int+4}.
 58147 | Tomb:2   | 58147 ||| INVOKING Cleansing Flame.
 58149 | Tomb:2   | 58149 ||| INVOKING Cleansing Flame.
 58152 | Tomb:2   | 58152 ||| DRINKING 7 potions of magic.
 58153 | Tomb:2   | 58153 ||| INVOKING Cleansing Flame.
 58159 | Tomb:2   | 58159 ||| INVOKING Cleansing Flame.
 58160 | Tomb:2   | 58160 ||| INVOKING Summon Divine Warrior.
 58166 | Tomb:2   | 58166 ||| INVOKING Cleansing Flame.
 58167 | Tomb:2   | 58167 ||| INVOKING Cleansing Flame.
 58268 | Tomb:2   | 58268 ||| UPGRADING to ring "Xudi" {*Slow Fly rF+++ rCorr}.
 58277 | Tomb:3   | Entered Level 3 of the Tomb of the Ancients
 58278 | Tomb:3   | 58278 ||| DRINKING 10 potions of haste.
 58279 | Tomb:3   | 58279 ||| DRINKING 6 potions of attraction.
 58332 | Tomb:3   | Noticed a royal mummy
 58332 | Tomb:3   | 58332 ||| INVOKING Cleansing Flame.
 58332 | Tomb:3   | Noticed a royal mummy
 58333 | Tomb:3   | 58333 ||| INVOKING Cleansing Flame.
 58334 | Tomb:3   | 58334 ||| INVOKING Summon Divine Warrior.
 58335 | Tomb:3   | 58335 ||| INVOKING Cleansing Flame.
 58335 | Tomb:3   | Noticed a royal mummy
 58339 | Tomb:3   | Noticed a royal mummy
 58339 | Tomb:3   | Noticed a royal mummy
 58341 | Tomb:3   | Noticed a royal mummy
 58342 | Tomb:3   | 58342 ||| INVOKING Cleansing Flame.
 58343 | Tomb:3   | 58343 ||| INVOKING Cleansing Flame.
 58344 | Tomb:3   | 58344 ||| INVOKING Summon Divine Warrior.
 58347 | Tomb:3   | 58347 ||| INVOKING Cleansing Flame.
 58348 | Tomb:3   | Killed a royal mummy
 58352 | Tomb:3   | 58352 ||| INVOKING Cleansing Flame.
 58354 | Tomb:3   | Killed a royal mummy
 58355 | Tomb:3   | 58355 ||| INVOKING Cleansing Flame.
 58356 | Tomb:3   | 58356 ||| INVOKING Cleansing Flame.
 58357 | Tomb:3   | 58357 ||| INVOKING Cleansing Flame.
 58357 | Tomb:3   | Killed a royal mummy
 58358 | Tomb:3   | Reached skill level 24 in Invocations
 58358 | Tomb:3   | 58358 ||| INVOKING Cleansing Flame.
 58359 | Tomb:3   | 58359 ||| INVOKING Cleansing Flame.
 58360 | Tomb:3   | 58360 ||| DRINKING 6 potions of magic.
 58360 | Tomb:3   | HP: 44/197 [??? (8)]
 58361 | Tomb:3   | 58361 ||| READING 17 scrolls of teleportation.
 58362 | Tomb:3   | 58362 ||| DRINKING 5 potions of heal wounds.
 58363 | Tomb:3   | 58363 ||| INVOKING Cleansing Flame.
 58363 | Tomb:3   | Killed a royal mummy
 58365 | Tomb:3   | 58365 ||| INVOKING Cleansing Flame.
 58366 | Tomb:3   | 58366 ||| INVOKING Summon Divine Warrior.
 58371 | Tomb:3   | HP: 39/197 [royal mummy/divine providence (13)]
 58372 | Tomb:3   | 58372 ||| READING 16 scrolls of teleportation.
 58373 | Tomb:3   | 58373 ||| DRINKING 4 potions of heal wounds.
 58374 | Tomb:3   | 58374 ||| INVOKING Cleansing Flame.
 58380 | Tomb:3   | 58380 ||| INVOKING Summon Divine Warrior.
 58383 | Tomb:3   | Noticed a royal mummy
 58386 | Tomb:3   | Noticed a royal mummy
 58386 | Tomb:3   | HP: 43/197 [royal mummy/divine providence (15)]
 58387 | Tomb:3   | 58387 ||| READING 15 scrolls of teleportation.
 58388 | Tomb:3   | 58388 ||| DRINKING 3 potions of heal wounds.
 58434 | Tomb:3   | Noticed a royal mummy
 58435 | Tomb:3   | 58435 ||| INVOKING Cleansing Flame.
 58436 | Tomb:3   | 58436 ||| INVOKING Cleansing Flame.
 58436 | Tomb:3   | HP: 42/197 [??? (8)]
 58437 | Tomb:3   | 58437 ||| READING 14 scrolls of teleportation.
 58438 | Tomb:3   | 58438 ||| DRINKING 2 potions of heal wounds.
 58456 | Tomb:3   | 58456 ||| INVOKING Summon Divine Warrior.
 58459 | Tomb:3   | 58459 ||| INVOKING Cleansing Flame.
 58460 | Tomb:3   | 58460 ||| INVOKING Cleansing Flame.
 58462 | Tomb:3   | Killed a royal mummy
 58462 | Tomb:3   | HP: 40/197 [something (20)]
 58463 | Tomb:3   | 58463 ||| READING 13 scrolls of teleportation.
 58464 | Tomb:3   | 58464 ||| DRINKING potion of heal wounds.
 58466 | Tomb:3   | 58466 ||| INVOKING Cleansing Flame.
 58467 | Tomb:3   | 58467 ||| INVOKING Summon Divine Warrior.
 58472 | Tomb:3   | HP: 45/197 [royal mummy/divine providence (10)]
 58473 | Tomb:3   | 58473 ||| READING 12 scrolls of teleportation.
 58474 | Tomb:3   | HP: 19/197 [royal mummy/divine providence (11)]
 58475 | Tomb:3   | HP: 5/197 [royal mummy (13)]
 58475 | Tomb:3   | The Shining One protects you from harm!
 58477 | Tomb:3   | Killed a royal mummy
 58477 | Tomb:3   | HP: 1/197 [something (29)]
 58478 | Tomb:3   | 58478 ||| READING 11 scrolls of teleportation.
 58479 | Tomb:3   | 58479 ||| INVOKING Cleansing Flame.
 58499 | Tomb:3   | 58499 ||| READING 10 scrolls of teleportation.
 58505 | Tomb:3   | 58505 ||| READING 9 scrolls of teleportation.
 58511 | Tomb:3   | 58511 ||| READING 8 scrolls of teleportation.
 58511 | Tomb:3   | HP: 29/197 [royal mummy/divine providence (14)]
 58513 | Tomb:3   | Killed from afar by a royal mummy

Levels and vault maps discovered:
D:1:      dpeg_arrival_stonehenge_12_columns, layout_basic, serial_bayou_pond_d,
          minivault_26, columned_hall_lemuel
D:2:      layout_basic, minmay_rat_gold_closets
D:3:      minmay_door_path, layout_loops_cross,
          shapermc_ecumenical_altar_flowoftime, minmay_fountain_box
D:4:      layout_loops_ring, minmay_temple_entry_slanted,
          serial_co_window_serial, co_window_paths_a,
          co_window_of_opportunity_a, co_window_corner_a, co_window_paths_a,
          co_window_of_opportunity_a, co_window_2corner, co_window_corner_ca,
          co_window_corner_cb, co_window_corner_ca, minmay_misc_feat_tower,
          amcnicky_mini_corridor_feature
D:5:      layout_basic, uniq_grinder
D:6:      layout_loops_corners, uniq_eustachio
D:7:      layout_loops_corners, serial_shops, nicolae_shop_crystal,
          enter_ossuary_4, st_stairs_8, eino_jars
D:8:      layout_loops_cross, kennysheep_mini, mainiacjoe_overflow_paths,
          dpeg_oklobed_lair, minmay_fractal_squares_5
D:9:      layout_big_octagon, ploomutoo_gammafunk_ghost_potion_laboratory
D:10:     minmay_clustersquares, layout_layer_cave
D:11:     layout_grid_maze, minmay_orc_entry_temple_small
D:12:     layout_loops_corners, uniq_maurice
D:13:     layout_roguey, ebering_ghost_reflecting_pool, uniq_sonja
D:14:     layout_rooms, grunt_vaults_entry_fortified, serial_shops,
          nicolae_square_shop, amethyst_killhole, uniq_agnes
D:15:     hangedman_depths_entry_civil_slaughter, layout_basic, serial_shops,
          nicolae_shop_hallway_plus, minmay_lindwurm_lava
Temple:   nicolae_temple_bog_church
Lair:1:   layout_regular_city, serial_bayou_shore_b, grunt_megastairs_1
Lair:2:   layout_chaotic_city, uniq_urug
Lair:3:   layout_big_grid, elwin_shoals_entry_rooms,
          hellmonk_spider_entry_life_and_decay, gammafunk_ghost_arena,
          bh_autumn_forest_stairs, lemuel_fruit_tree
Lair:4:   layout_small_grid, minmay_slime_entry_oklob_enclosed,
          gauntlet_entry_generic, enter_volcano_4, lemuel_fruit_fields
Lair:5:   grunt_lair_end_beastmaster, layout_gridlike
Shoals:1: layout_shoals, serial_shops, nicolae_shop_bloodbath_and_beyond,
          nicolae_shoals_kraken_intersection
Shoals:2: layout_shoals, nicolae_shop_overcharged_wands
Shoals:3: layout_shoals, abandoned_shop
Shoals:4: shoals_end_simple, layout_shoals, shoals_ilsuiw_alternative,
          uniq_polyphemus
Spider:1: nicolae_spider_hilbert_zone_5 [nicolae_spider_hilbert_3_sides_1_open,
          nicolae_spider_hilbert_4_sides_1_open,
          nicolae_spider_hilbert_4_sides_1_open,
          nicolae_spider_hilbert_6_sides_1_open,
          nicolae_spider_hilbert_6_sides_1_open], hellmonk_motheaten_closet
Spider:2: layout_spider_delve, nicolae_orb_stairs, uniq_louise, uniq_arachne,
          uniq_aizul
Spider:3: layout_chambers, portal_ice_cave_entry_dragon
Spider:4: hellmonk_spider_rune_endless_swarm, gammafunk_ghost_berserking_beasts
Orc:1:    layout_caves, minmay_orc_keep
Orc:2:    st_orc_pillars, layout_diamond_mine, nicolae_shop_vocational
Vaults:1: vaults_dpeg_encased_lava, hangedman_vaults_nodes, v_misc_9,
          nicolae_vaults_little_squares_5, nicolae_vaults_little_squares_4,
          vaults_mumra_hexcomb, vaults_room_pools, v_alt_pattern_2,
          hangedman_vaults_slice, vaults_room_fours, layout_vaults_big_room
Vaults:2: nicolae_vaults_arrows, hangedman_vaults_trim,
          ontoclasm_vaults_ligature, st_octagons_2, vaults_dpeg_ring,
          nicolae_vaults_little_squares_2, minmay_crypt_entry_simple_box,
          v_misc_9, vaults_room_pools, hangedman_vaults_impose,
          vaults_mumra_lcd, vaults_dpeg_diagonal, vaults_room_corners,
          hangedman_vaults_maws, layout_vaults_maze_snakey, uniq_nikola
Vaults:3: ontoclasm_vaults_loading_screen, hangedman_vaults_capsules,
          dpeg_vaults_monster_box, nicolae_vaults_c_with_doors,
          hangedman_vaults_variations, v_pattern_5,
          nicolae_vaults_border_crossing, hangedman_vaults_slice,
          layout_vaults_omnigrid
Vaults:4: grunt_vaults_twisty, grunt_tower_of_power,
          ontoclasm_vaults_claustrophobia, v_pattern_4, v_rooms_5,
          nicolae_vaults_shelves_hall, nicolae_vaults_little_squares_2,
          hangedman_vaults_nails, nicolae_vaults_network_periphery,
          grunt_vaults_swirl, layout_vaults_big_cross
Vaults:5
Crypt:1:  layout_regular_city, grunt_crypt_arrival_guarded_gate, uniq_khufu,
          uniq_margery
Crypt:2:  gammafunk_crypt_yreds_forest, layout_chaotic_city,
          amcnicky_mini_pool_small
Crypt:3:  evilmike_haunted_forest
Tomb:1
Tomb:2
Tomb:3
Depths:1: layout_roguey, enter_ziggurat_e, elyvilon_altar_5,
          grunt_hell_entry_dis_grunt, ebering_ghost_reflecting_pool,
          worldfamousw_hep_ancestral_shrine, minmay_shop_grove, uniq_mara
Depths:2: minmay_slanted_spiral_squares, layout_cave_shapes,
          chequers_serial_rivers_micro_e, grunt_pan_entry_in_and_out,
          hellmouth_1, marbit_kobold_abyss_entry, infiniplex_staircase_x
Depths:3: minmay_complete_graph, layout_gridlike, abyss_entry_flame_altar,
          pf_hell_entry_great_geh
Depths:4: evilmike_zot_entry_diamond, layout_gridville, mu_enter_wizlab_6,
          minmay_misc_feat_five, hell_entry, nicolae_sif_muna_condensation,
          serial_bayou_shore_b, uniq_sojobo
Zot:1:    layout_onion, ebering_ghost_xom, nicolae_diode_intersection,
          grunt_megastairs_2, uniq_josephina
Zot:2:    layout_misc_corridors, not_door_vault_due
Zot:3:    ebering_klown_carousel, layout_gridlike, basic_altar,
          lemuel_baited_zot_trap, uniq_tiamat
Zot:4:    layout_gridlike

Skill      XL: |  1  2  3  4  5  6  7  8  9 10 11 12 13 14 15 16 17 18 19 20 21 22 23 24 25 26 27 |
---------------+----------------------------------------------------------------------------------+-----
Axes           | 2 3 4 5 6 8 9 10 11 12 13 15 16 18 | 18.0
Shields        | 4 5 6 7 8 9 10 11 12 13 14 15 16 17 18 19 20 | 20.0
Fighting       | 4 5 7 8 9 10 11 12 13 15 16 18 19 21 22 23 25 26 | 26.6
Dodging        | 1 2 3 4 5 6 7 8 9 |  9.0
Armour         | 4 5 7 9 10 11 12 13 14 16 17 19 21 22 | 22.1
Invocations    | 4 9 10 13 24 | 24.6
Throwing       | 3 5 6 7 8 9 10 11 12 13 15 | 15.0

Action                   |  1- 3 |  4- 6 |  7- 9 | 10-12 | 13-15 | 16-18 | 19-21 | 22-24 | 25-27 || total
-------------------------+-------+-------+-------+-------+-------+-------+-------+-------+-------++-------
Melee: War axe           |   143 |   184 |   481 |   616 |    61 |       |       |       |       ||  1485
       Morningstar       |       |       |       |    11 |       |       |       |       |       ||    11
       Broad axe         |       |       |       |       |   661 |  1238 |  1172 |   687 |  1641 ||  5399
       Unarmed           |       |       |       |       |     2 |       |       |       |       ||     2
       Headbutt          |       |       |       |       |       |       |       |       |   441 ||   441
Throw: Javelin           |       |       |       |    42 |   159 |   128 |   131 |    38 |   205 ||   703
       Boomerang         |       |       |       |       |       |     5 |     1 |       |       ||     6
Invok: Heroism           |       |       |       |    27 |    37 |    58 |    37 |    26 |    28 ||   213
       Finesse           |       |       |       |     2 |    13 |    17 |    11 |    12 |     6 ||    61
       Cleansing Flame   |       |       |       |       |       |       |       |       |    68 ||    68
       Summon Divine War |       |       |       |       |       |       |       |       |    15 ||    15
       Brand Weapon With |       |       |       |       |       |       |       |       |     1 ||     1
  Use: Scroll            |       |     6 |    11 |     8 |     6 |     8 |     1 |     3 |    20 ||    63
       Potion            |       |     3 |     6 |       |     4 |     2 |       |     6 |    25 ||    46
 Stab: Petrified         |       |       |       |       |     5 |       |       |       |       ||     5
       Petrifying        |       |       |       |       |     2 |       |       |       |       ||     2
       Distracted        |       |       |       |       |     1 |       |     1 |       |       ||     2
Armor: Scale mail        |    72 |    27 |       |       |       |       |       |       |       ||    99
       Chain mail        |       |    37 |   273 |    27 |       |       |       |       |       ||   337
       Plate armour      |       |       |       |   162 |   215 |   436 |   367 |   384 |   956 ||  2520
       Skin              |       |       |       |       |     1 |       |       |       |       ||     1
Dodge: Dodged            |    79 |    30 |   122 |   108 |   101 |   177 |   184 |   122 |   427 ||  1350
Block: Buckler           |    27 |     1 |       |       |       |       |       |       |       ||    28
       Kite shield       |       |   136 |   591 |   637 |   661 |  1097 |  1006 |   632 |  1384 ||  6144

Table legend:
 A = Non-vault XP
 B = Vault XP
 C = Vault XP percentage of total XP
 D = Non-vault monster count
 E = Vault monster count
 F = Vault count percentage of total count
                 A         B        C        D         E       F
            +---------+---------+-------+---------+---------+-------
      Total |  639731 |  813002 |  56.0 |    1341 |    1039 |  43.7
            +---------+---------+-------+---------+---------+-------
        D:1 |      45 |       0 |   0.0 |      21 |       0 |   0.0
        D:2 |      62 |       7 |  10.1 |      25 |       7 |  21.9
        D:3 |     146 |       6 |   3.9 |      22 |       3 |  12.0
        D:4 |     293 |       0 |   0.0 |      12 |       0 |   0.0
        D:5 |     440 |     290 |  39.7 |      11 |       1 |   8.3
        D:6 |     826 |     191 |  18.8 |      23 |       1 |   4.2
        D:7 |     825 |     592 |  41.8 |      16 |      11 |  40.7
        D:8 |    2072 |     310 |  13.0 |      22 |       5 |  18.5
        D:9 |    3272 |       0 |   0.0 |      28 |       0 |   0.0
       D:10 |    1767 |    2348 |  57.1 |      20 |      10 |  33.3
       D:11 |    4536 |     107 |   2.3 |      20 |       8 |  28.6
       D:12 |    4139 |     433 |   9.5 |      20 |       1 |   4.8
       D:13 |    5257 |     776 |  12.9 |      12 |       1 |   7.7
       D:14 |   14297 |    7545 |  34.5 |      27 |      11 |  28.9
       D:15 |   12250 |    6867 |  35.9 |      20 |      10 |  33.3
     Lair:1 |    2111 |     239 |  10.2 |       9 |       2 |  18.2
     Lair:2 |    8521 |     800 |   8.6 |      33 |       1 |   2.9
     Lair:3 |    7827 |     446 |   5.4 |      30 |       2 |   6.2
     Lair:4 |    5767 |    3419 |  37.2 |      17 |       6 |  26.1
     Lair:5 |   20434 |    9536 |  31.8 |      58 |      20 |  25.6
   Shoals:1 |   10511 |    1580 |  13.1 |      21 |       1 |   4.5
   Shoals:2 |   19453 |       0 |   0.0 |      35 |       0 |   0.0
   Shoals:3 |   11018 |       0 |   0.0 |      24 |       0 |   0.0
   Shoals:4 |   19966 |   28941 |  59.2 |      44 |      46 |  51.1
   Spider:1 |    8795 |    3969 |  31.1 |      28 |       7 |  20.0
   Spider:2 |   21181 |    6741 |  24.1 |      61 |       6 |   9.0
   Spider:3 |    9153 |     822 |   8.2 |      22 |       1 |   4.3
   Spider:4 |   21379 |   22946 |  51.8 |      46 |      44 |  48.9
      Orc:1 |    5534 |     260 |   4.5 |      41 |       9 |  18.0
      Orc:2 |    3283 |   11939 |  78.4 |      37 |      70 |  65.4
   Vaults:1 |    9134 |   28530 |  75.7 |      16 |      43 |  72.9
   Vaults:2 |   15291 |   45713 |  74.9 |      20 |      57 |  74.0
   Vaults:3 |   29538 |   46937 |  61.4 |      49 |      62 |  55.9
   Vaults:4 |   20346 |   58422 |  74.2 |      26 |      71 |  73.2
   Vaults:5 |   13593 |   77528 |  85.1 |      19 |      72 |  79.1
    Crypt:1 |   16382 |   11952 |  42.2 |      34 |      11 |  24.4
    Crypt:2 |   26891 |   18956 |  41.3 |      45 |      17 |  27.4
    Crypt:3 |       0 |   51903 | 100.0 |       0 |      92 | 100.0
     Tomb:1 |   18413 |   77515 |  80.8 |      42 |      49 |  53.8
     Tomb:2 |    9756 |   69043 |  87.6 |      32 |      89 |  73.6
     Tomb:3 |   18599 |   49676 |  72.8 |      38 |      45 |  54.2
   Depths:1 |   18762 |    5257 |  21.9 |      23 |       2 |   8.0
   Depths:2 |   14629 |   23937 |  62.1 |      20 |      26 |  56.5
   Depths:3 |   23315 |   49600 |  68.0 |      24 |      40 |  62.5
   Depths:4 |   14587 |   17922 |  55.1 |      14 |      13 |  48.1
      Zot:1 |   49641 |    8748 |  15.0 |      42 |      10 |  19.2
      Zot:2 |   27191 |       0 |   0.0 |      22 |       0 |   0.0
      Zot:3 |   47226 |   54942 |  53.8 |      34 |      32 |  48.5
      Zot:4 |   41277 |       0 |   0.0 |      36 |       0 |   0.0
    Ossuary |       0 |     203 | 100.0 |       0 |      12 | 100.0
     WizLab |       0 |     977 | 100.0 |       0 |       1 | 100.0
   Gauntlet |       0 |    4131 | 100.0 |       0 |      11 | 100.0
            +---------+---------+-------+---------+---------+-------
